 Dungeon Crawl Stone Soup version 0.31.0-1-g2c135a0 (webtiles) character file.

Game seed: 2839590882279059456

13409315 frustrationSimulator the Middleweight Champion (level 27, 279/450 HPs)
             Began as a Red Draconian Shapeshifter on Jan 30, 2024.
             Was a High Priest of Wu Jian.
             Escaped with the Orb
             ... and 15 runes on Feb 1, 2024!
             The game lasted 06:33:34 (119345 turns).

frustrationSimulator (DrSh)                       Turns: 119345, Time: 06:33:35

Health: 279/450    AC: 25    Str: 36 (38) XL:     27
Magic:  53/54      EV: 24    Int: 15      God:    Wu Jian [*****.]
Gold:   12029      SH:  0    Dex: 19      Spells: 57/63 levels left

rFire   + +          +
                       - Unarmed
rCold   . . .        Q - melded +18 shield of the Gong {Loud rN+ Will+ rCorr EV-5}
rNeg    . . .        (body armour unavailable)
rPois   +            J - melded +1 hat of Duck's Teeth {rF- rN+ Dex+4 Stlth+}
rElec   +            S - melded +4 dragonskin cloak
rCorr   +            (gloves currently unavailable)
SInv    .            (boots currently unavailable)
Will    ++++.        C - amulet of guardian spirit
Stlth   ++           o - ring of Happiness {MP+9 Slay+6}
HPRegen 0.95/turn    P - ring of Edog {Will+ Int+4 Dex+6}
MPRegen 0.34/turn

%: guardian spirit
@: mighty, dragon-form, resistant, attractive, enlightened, flying, studying 3
skills, invisible
A: dragon claw, dragon scales, flying, boosted hp, breathe fire, AC +13, giant,
unfitting armour, (fire resistance 1), (cold-blooded), robust 1
0: Orb of Zot
}: 15/15 runes: barnacled, slimy, silver, golden, iron, obsidian, icy, bone,
abyssal, demonic, glowing, magical, fiery, dark, gossamer
a: Breathe Fire, Begin Untransformation, Renounce Religion, Wall Jump, Serpent's
Lash, Heavenly Storm


You escaped.
You worshipped Wu Jian.
Wu Jian was extremely pleased with you.
You were a fearsome fire dragon!
You visited 17 branches of the dungeon, and saw 87 of its levels.
You visited Pandemonium 1 time, and saw 7 of its levels.
You visited the Abyss 5 times.
You visited 1 ziggurat, and saw 11 of its levels.
You also visited: Sewer, Gauntlet, Ice Cave and Wizlab.

You collected 16011 gold pieces.
You spent 3982 gold pieces at shops.

Inventory:

Missiles
 e - 7 throwing nets
 W - 28 curare-tipped darts (quivered)
Armour
 c - a +5 kite shield of reflection
 t - a +2 hat of willpower
 A - a +2 hat of see invisible
 E - a +5 kite shield of fire resistance
 J - the +1 hat of Duck's Teeth (melded) {rF- rN+ Dex+4 Stlth+}
   (You found it in a Gauntlet)

   Dex+4:     It affects your dexterity (+4).
   rF-:       It makes you vulnerable to fire.
   rN+:       It protects you from negative energy.
   Stlth+:    It makes you more stealthy.
 Q - the +18 shield of the Gong (melded) {Loud rN+ Will+ rCorr EV-5}
   (You found it on level 7 of Tartarus)

   Loud:      It is deafeningly noisy when blocking attacks.
   EV-5:      It affects your evasion (-5).
   rN+:       It protects you from negative energy.
   Will+:     It increases your willpower.
   rCorr:     It protects you from acid and corrosion.
 S - the +4 dragonskin cloak (melded)
   (You took it off Tiamat on level 1 of the Realm of Zot)

   Avatar's Aegis: It grants the wearer a chance to resist fire, cold, poison,
   electricity, acid, and negative energy.
Jewellery
 n - the ring of Tomosheuw {rC+ Dex+2}
   (You found it on level 5 of the Realm of Zot)

   [ring of protection from cold]

   Dex+2:     It affects your dexterity (+2).
   rC+:       It protects you from cold.
 o - the ring of Happiness (left foreclaw) {MP+9 Slay+6}
   (You found it on level 4 of the Lair of Beasts)

   [ring of magical power]

   Slay+6:    It affects your accuracy & damage with ranged weapons and melee
   (+6).
   MP+9:      It affects your magic capacity (+9).
 q - the amulet "Moag" {RegenMP rC+ Int+3}
   (You found it on level 4 of a ziggurat)

   [amulet of magic regeneration]

   RegenMP:   It increases your rate of magic regeneration.
   Int+3:     It affects your intelligence (+3).
   rC+:       It protects you from cold.
 s - the amulet "Optosuel" {RegenMP rPois rF+++ Will- rCorr}
   (You found it in Pandemonium)

   [amulet of magic regeneration]

   RegenMP:   It increases your rate of magic regeneration.
   rF+++:     It renders you almost immune to fire.
   rPois:     It protects you from poison Will-: It decreases your willpower.
   rCorr:     It protects you from acid and corrosion.
 x - the ring of Mumest Xaosch {Fly rN+ Int+4 Stlth-}
   (You found it on level 4 of the Shoals)

   [ring of flight]

   Int+4:     It affects your intelligence (+4).
   rN+:       It protects you from negative energy.
   Fly:       It grants you flight.
   Stlth-:    It makes you less stealthy.
 C - an amulet of guardian spirit (around neck)
 P - the ring of Edog (right foreclaw) {Will+ Int+4 Dex+6}
   (You took it off a centaur warrior on level 14 of the Dungeon)

   [ring of willpower]

   Int+4:     It affects your intelligence (+4).
   Dex+6:     It affects your dexterity (+6).
   Will+:     It increases your willpower.
Talismans
 w - a granite talisman
 D - a storm talisman
 Y - a dragon-blood talisman (active)
Wands
 a - a wand of iceblast (78)
 r - a wand of light (57)
 I - a wand of digging (37)
 O - a wand of mindburst (73)
Scrolls
 b - 5 scrolls of teleportation
 d - 4 scrolls of poison
 g - 9 scrolls of fog
 k - 3 scrolls of silence
 l - 6 scrolls of fear
 y - 13 scrolls of immolation
 T - 2 scrolls of revelation
 U - 4 scrolls of summoning
Potions
 f - 21 potions of might
 h - 13 potions of ambrosia
 i - 28 potions of curing
 p - 7 potions of enlightenment
 u - 6 potions of magic
 F - 9 potions of resistance
 G - 8 potions of attraction
 K - 13 potions of cancellation
 L - 9 potions of lignification
 R - 6 potions of invisibility
Miscellaneous
 j - a figurine of a ziggurat
 v - a condenser vane
 z - a phantom mirror
 B - a lightning rod (4/4)
 H - a sack of spiders
 M - a phial of floods


   Skills:
 O Level 27 Fighting
 - Level 6.0 Throwing
 O Level 27 Dodging
 - Level 13.5 Stealth
 O Level 27 Shields
 O Level 27 Unarmed Combat
 + Level 18.6 Spellcasting
 - Level 20.5 Translocations
 + Level 17.3 Evocations
 O Level 27 Shapeshifting


You had 57 spell levels left.
You knew the following spells:

 Your Spells              Type           Power      Damage    Failure   Level
a - Blink                 Tloc           100%       N/A       0%          2
b - Manifold Assault      Tloc           66%        N/A       0%          4

Your spell library contained the following spells:

 Spells                   Type           Power      Damage    Failure   Level
 Apportation              Tloc           100%       N/A       0%          1
 Lesser Beckoning         Tloc           100%       N/A       0%          2
 Gell's Gravitas          Tloc           66%        N/A       0%          3
 Teleport Other           Tloc           66%        N/A       0%          3
 Passage of Golubria      Tloc           66%        N/A       0%          4
 Momentum Strike          Conj/Tloc      88%        3d10      1%          2
 Volatile Blastmotes      Fire/Tloc      88%        2d17      1%          3
 Dimensional Bullseye     Hex/Tloc       22%        N/A       1%          4
 Iskenderun's Mystic Bla  Conj/Tloc      44%        2d10      1%          4
 Vhi's Electric Charge    Tloc/Air       88%        N/A       1%          4
 Summon Forest            Summ/Tloc      22%        N/A       1%          5
 Dispersal                Tloc           33%        N/A       1%          6
 Foxfire                  Conj/Fire      52%        2x1d6     4%          1
 Freeze                   Ice            52%        1d6       4%          1
 Kiss of Death            Conj/Necr      52%        2d9       4%          1
 Magic Dart               Conj           52%        1d5       4%          1
 Necrotise                Necr           52%        1d6       4%          1
 Sandblast                Erth           26%        2d8       4%          1
 Shock                    Conj/Air       52%        1d6       4%          1
 Slow                     Hex            52%        N/A       4%          1
 Sting                    Conj/Alch      52%        1d6       4%          1
 Summon Small Mammal      Summ           52%        N/A       4%          1
 Call Imp                 Summ           26%        N/A       6%          2
 Cigotuvi's Dreadful Rot  Necr/Alch/Air  26%        N/A       6%          2
 Ensorcelled Hibernation  Hex/Ice        26%        N/A       6%          2
 Jinxbite                 Hex            26%        N/A       6%          2
 Mercury Vapours          Alch/Air       26%        N/A       6%          2
 Scorch                   Fire           26%        2d6       6%          2
 Static Discharge         Conj/Air       26%        3-5/arc   6%          2
 Sublimation of Blood     Necr           13%        N/A       6%          2
 Call Canine Familiar     Summ           13%        N/A       12%         3
 Confusing Touch          Hex            13%        N/A       12%         3
 Dazzling Flash           Conj/Hex       26%        N/A       12%         3
 Frozen Ramparts          Ice            26%        1d4       12%         3
 Fugue of the Fallen      Necr           13%        N/A       12%         3
 Hailstorm                Conj/Ice       13%        3d6       12%         3
 Inner Flame              Hex/Fire       13%        N/A       12%         3
 Mephitic Cloud           Conj/Alch/Air  13%        N/A       12%         3
 Ozocubu's Armour         Ice            13%        N/A       12%         3
 Passwall                 Erth           13%        N/A       12%         3
 Sigil of Binding         Hex            13%        N/A       12%         3
 Stone Arrow              Conj/Erth      26%        3d8       12%         3
 Summon Ice Beast         Ice/Summ       13%        N/A       12%         3
 Swiftness                Air            13%        N/A       12%         3
 Vampiric Draining        Necr           13%        2d6       12%         3
 Airstrike                Air            6%         2d(1-17)  38%         4
 Anguish                  Hex/Necr       6%         N/A       38%         4
 Animate Dead             Necr           13%        N/A       38%         4
 Brom's Barrelling Bould  Conj/Erth      13%        2d4       38%         4
 Cause Fear               Hex            6%         N/A       38%         4
 Dispel Undead            Necr           13%        3d9       38%         4
 Flame Wave               Conj/Fire      13%        2d6       38%         4
 Fulminant Prism          Conj/Alch      6%         3d6       38%         4
 Ignite Poison            Fire/Alch      13%        N/A       38%         4
 Leda's Liquefaction      Alch/Erth      6%         N/A       38%         4
 Martyr's Knell           Necr/Summ      13%        N/A       38%         4
 Olgreb's Toxic Radiance  Alch           13%        N/A       38%         4
 Petrify                  Alch/Erth      13%        N/A       38%         4
 Sticky Flame             Fire/Alch      13%        2d5       38%         4
 Summon Blazeheart Golem  Fire/Summ      13%        N/A       38%         4
 Summon Lightning Spire   Summ/Air       13%        N/A       38%         4
 Malign Gateway           Summ/Tloc      22%        N/A       45%         7
 Alistair's Intoxication  Alch           8%         N/A       75%         5
 Arcjolt                  Conj/Air       6%         1d16      75%         5
 Borgnjor's Vile Clutch   Necr/Erth      6%         N/A       75%         5
 Curse of Agony           Necr           13%        N/A       75%         5
 Fireball                 Conj/Fire      6%         3d5       75%         5
 Freezing Cloud           Conj/Ice/Air   6%         6-21      75%         5
 Irradiate                Conj/Alch      6%         3d13      75%         5
 Iskenderun's Battlesphe  Conj           13%        2d7       75%         5
 Lee's Rapid Deconstruct  Erth           6%         3d6*      75%         5
 Metabolic Englaciation   Hex/Ice        6%         N/A       75%         5
 Silence                  Hex/Air        6%         N/A       75%         5
 Yara's Violent Unravell  Hex/Alch       6%         3d5       75%         5
 Bombard                  Conj/Erth      6%         9d2       99%         6
 Conjure Ball Lightning   Conj/Air       6%         3x3d6     99%         6
 Death Channel            Necr           6%         N/A       99%         6
 Eringya's Noxious Bog    Alch           6%         4d6       99%         6
 Plasma Beam              Fire/Air       6%         2x1d17    99%         6
 Sculpt Simulacrum        Ice/Alch       6%         N/A       99%         6
 Starburst                Conj/Fire      6%         6d4       99%         6
 Summon Cactus Giant      Summ           6%         N/A       99%         6
 Enfeeble                 Hex            6%         N/A       100%        7
 Haunt                    Necr/Summ      6%         N/A       100%        7
 Orb of Destruction       Conj           6%         9d6       100%        7
 Ozocubu's Refrigeration  Ice            6%         4d8       100%        7
 Spellforged Servitor     Conj/Summ      6%         N/A       100%        7
 Summon Hydra             Summ           6%         N/A       100%        7
 Borgnjor's Revivificati  Necr           6%         N/A       100%        8
 Discord                  Hex            6%         N/A       100%        8
 Ignition                 Fire           6%         3d4       100%        8
 Infestation              Necr           6%         N/A       100%        8
 Lehudib's Crystal Spear  Conj/Erth      6%         10d3      100%        8
 Summon Horrible Things   Summ           6%         N/A       100%        8
 Chain Lightning          Conj/Air       6%         3d8       100%        9
 Dragon's Call            Summ           6%         N/A       100%        9
 Fire Storm               Conj/Fire      6%         8d2       100%        9
 Shatter                  Erth           6%         3d9*      100%        9
 Animate Armour           Summ/Erth      Unusable   N/A       N/A         4

Dungeon Overview and Level Annotations

Branches:
Dungeon (15/15)            Temple (0/1) D:5            Lair (5/5) D:9
 Shoals (4/4) Lair:3       Spider (4/4) Lair:3        Slime (5/5) Lair:5
    Orc (2/2) D:9             Elf (3/3) Orc:2        Vaults (5/5) D:14
  Crypt (3/3) Vaults:3       Tomb (3/3) Crypt:3      Depths (4/4) D:15
   Hell (visited)             Dis (7/7) Hell            Geh (7/7) Hell
    Coc (7/7) Hell            Tar (7/7) Hell            Zot (5/5) Depths:4
  Sewer (visited)           IceCv (visited)          WizLab (visited)
Gauntlet (visited)

Altars:
Dithmenos
Gozag
Kikubaaqudgha
Makhleb
Qazlal
Ru
Trog
Wu Jian
Xom
Yredelemnul
The Shining One
Jiyva

Shops:
D:3 [   D:14 [   Orc:2 [=??   Elf:1 ([[   Elf:3 ?   Shoals:2 :   Shoals:3 !??
Shoals:4 =   Vaults:2 ?[   Zot:5 *   Depths:1 !   Depths:3 (?([   Depths:4 :=:

Portals:
Hell: Depths:1 Depths:2 Depths:3 Depths:4
Abyss: Depths:3 Depths:4
Pandemonium: Depths:2
Trove: Vaults:4 (give 6 potions of haste)


Innate Abilities, Weirdness & Mutations

You are a fearsome fire dragon!
You have a powerful clawing attack.
Your giant scaled body is strong and resilient, but less evasive.
Your breath weapon is enhanced in this form.
You are flying.
Your maximum health is greatly increased.
Your armour is entirely melded.
You are incapable of wielding weapons or throwing items.
You can breathe blasts of fire.
Your fiery red scales are hard. (AC +13)
You cannot fit into any form of body armour.
((Your flesh is heat resistant. (rF+)))
((You are cold-blooded and may be slowed by cold attacks.))
You are robust. (+10% HP)


Message History

You climb upwards.
There is a stone staircase leading down here.
Okay, then.
There is a staircase leading out of the dungeon here.
You fade into invisibility!
You feel very buoyant.
You fly up into the air.
Okay, then.
Okay, then.
You feel very mighty all of a sudden.
You feel attractive to monsters.
You feel more attractive to monsters.
You feel protected.
You feel extremely strange.
You feel agile. The antennae on your head shrink away.
The barb on your tail disappears.
Your connection to magic feels subdued.
Your magic regains its normal vibrancy.
You feel extremely strange.
You feel more energetic.
You feel robust.
You begin transforming.
You continue transforming. x3
You revert to your normal fleshy form.
You turn into a fearsome fire dragon!
The +4 dragonskin cloak melds into your body.
The +1 hat of Duck's Teeth {rF- rN+ Dex+4 Stlth+} melds into your body.
The +18 shield of the Gong {Loud rN+ Will+ rCorr EV-5} melds into your body.
You no longer feel protected from the elements.
Unknown command.
Okay, then.
You are mighty.
You are a fearsome fire dragon!
You are resistant to the elements.
You attract monsters toward you.
You are enlightened. (Will+)
You are flying.
You are studying Axes, Ranged Weapons and Fire Magic.
You are invisible.
Your flying speed is average.
Your attack delay is about 0.5.
Your damage rating with unarmed combat is about 149 (Base [33 + 27 (UC)] x 165% (Str) x 145% (Fight) + 6 (Slay)).
Your base attributes are Str 28, Int 11, Dex 13.
Unknown command.
Unknown command.
You have escaped!

#..# #.# ###..#####.###.. #..#
#.# #........#.###..
#..######.#######.#..#..........
#..##.............#.............
#.........#########..#.#.##.##.#
##.##.##.#...|.......#.#.##.##.#
#.##.###.#####.###.##.#.##.##.#
#.##.###......................#
#.............D...##...########
####.###..........##...#
#.###..........##...# #####
#.#.......8....##...####....
#........♣.....##...........
###............##.#.####.#>.
##.#.........##.#.####....
#.#............>.........
#)##.............####....


There were no monsters in sight!

Vanquished Creatures
  Cerebov (Pan)
  Antaeus (Coc:7)
  the Royal Jelly (Slime:5)
  Asmodeus (Geh:7)
  Gloorx Vloq (Pan)
  4 pandemonium lords
  Ereshkigal (Tar:7)
  Lom Lobon (Pan)
  Mnoleg (Pan)
  the Serpent of Hell (Tar:7)
  10 dread liches
  Dispater (Dis:7)
  Khufu (Crypt:2)
  Tiamat (Zot:1)
  Mara (Depths:1)
  14 ancient liches
  6 orbs of fire
  2 juggernauts
  Mennas (Depths:3)
  Sojobo (Depths:1)
  Xtahua (Vaults:2)
  43 royal mummies
  Boris (thrice) (Vaults:1 Vaults:2 Crypt:1)
  Bai Suzhen (Depths:2)
  Vv (Crypt:2)
  The ghost of Juzit the Bludgeoner, a legendary GnFi of Cheibriados (Zot:3)
  7 Killer Klowns
  Margery (Crypt:2)
  3 curse toes
  13 shard shrikes
  Geryon (Hell)
  15 caustic shrikes
  12 golden dragons
  The ghost of Poanarph the Slayer, a veteran GrAl of Kikubaaqudgha (Depths:1)
  Norris (Vaults:3)
  Nikola (Spider:4)
  Jory (Vaults:5)
  Arachne (Spider:4)
  31 bone dragons
  5 profane servitors
  13 Tzitzimimeh
  14 doom hounds
  14 Brimstone Fiends
  A shard shrike zombie (Tomb:3)
  6 hellephants
  Zenata (Vaults:4)
  20 iron giants
  24 tentacled monstrosities
  33 Hell Sentinels
  29 Orb Guardians
  2 electric golems (Zot:5)
  25 Ice Fiends
  17 tainted leviathans
  14 liches
  Asterion (Vaults:1)
  3 quicksilver dragons
  32 titans
  2 deep elf blademasters
  17 searing wretches
  22 acid blobs
  Gastronok (D:9)
  9 death cobs
  29 ancient champions
  Frances (Elf:1)
  4 deep elf master archers (Elf:3)
  10 sphinxes
  13 tentacled starspawn (Abyss:3)
  23 Executioners
  4 tengu reavers
  The ghost of Adoajy the Bludgeoner, an adept DsWr of Ru (Vaults:3)
  13 shadow dragons
  10 protean progenitors
  Agnes (Spider:4)
  21 storm dragons
  Ilsuiw (Shoals:4)
  Donald (Vaults:1)
  Roxanne (Spider:1)
  3 nagarajas (Pan)
  10 azure jellies
  4 demonspawn warmongers (Pan)
  26 fire giants
  27 narguns
  5 revenants
  8 draconian shifters
  8 quicksilver elementals
  9 deep elf sorcerers
  19 frost giants
  3 iron dragons
  18 rockslimes
  12 draconian monks
  A daeva (D:11)
  3 emperor scorpions
  6 draconian knights
  Louise (Spider:2)
  17 vault wardens
  8 ghost moths
  8 draconian scorchers
  2 caustic shrike zombies
  34 balrugs
  2 spectral caustic shrikes
  8 deep elf elementalists
  20 cacodemons
  4 curse skulls
  5 spectral juggernauts
  16 ironbound preservers
  9 draconian stormcallers
  6 shard shrike simulacra
  33 very ugly things
  3 orc warlords
  A spriggan defender (Depths:1)
  22 stone giants
  8 draconian annihilators
  24 reapers
  2 broodmothers (Pan)
  12 quicksilver oozes
  4 juggernaut skeletons
  7 formless jellyfish
  A ghoul (Crypt:2)
  6 demonspawn blood saints (Pan)
  9 green draconians
  9 caustic shrike skeletons
  4 demonspawn corrupters
  2 ophanim (Abyss:3)
  A quicksilver ooze (shapeshifter) (Vaults:5)
  30 elemental wellsprings
  7 ironbound thunderhulks
  11 vampire knights
  Nessos (D:15)
  11 deep elf death magi
  4 demonspawn black suns (Pan)
  2 minotaurs
  11 black draconians
  6 deep elf demonologists
  The ghost of Xyoprad the Blocker, a journeyman FoFi of Ashenzari (D:13)
  9 putrid mouths
  The ghost of Odimp the Protected, a journeyman KoWn of Wu Jian (Lair:4)
  20 bennus
  24 purple draconians
  A lorocyproca (Hell)
  22 wendigos
  15 dire elephants
  30 war gargoyles
  Azrael (D:13)
  8 spark wasps
  13 yellow draconians
  10 deep elf annihilators
  13 red draconians
  8 white draconians
  22 iron golems
  8 jiangshi
  18 ettins
  7 blizzard demons
  7 statues (WizLab)
  8 merfolk javelineers
  7 crystal guardians
  2 spectral quicksilver dragons
  5 merfolk impalers (Shoals:4)
  10 green deaths
  15 yaktaur captains
  A spectral golden dragon (Tar:6)
  2 spectral spriggans
  25 mummy priests
  20 eidola
  A spriggan zombie (Abyss:3)
  7 fire dragons
  A spectral fenstrider witch (Tar:1)
  A kraken zombie (Hell)
  4 deep elf high priests
  4 entropy weavers
  10 great orbs of eyes
  27 vault guards
  3 juggernaut simulacra
  8 hydras
  5 spriggan skeletons
  9 caustic shrike simulacra
  13 ice dragons
  16 salamander tyrants
  2 hell beasts
  6 rakshasas
  9 ironbound frosthearts
  5 jorogumos
  A peacekeeper (Vaults:4)
  2 spriggan air magi
  A sphinx zombie (Depths:3)
  4 stokers
  12 boulder beetles
  11 centaur warriors
  7 ogre magi
  18 two-headed ogres
  A fenstrider witch skeleton (Tomb:1)
  5 merfolk aquamancers
  3 satyrs
  40 dancing weapons
  5 alligator snapping turtles
  7 radroaches
  A spectral stone giant (Tar:1)
  5 death knights
  13 thrashing horrors
  5 death yaks
  A sphinx skeleton (Crypt:2)
  A two-headed ogre (shapeshifter) (Zig:2)
  26 death scarabs
  9 deep troll earth magi
  9 deep troll shamans
  5 tengu warriors
  30 hell hogs
  4 occultists
  9 demonic crawlers
  An orc high priest (Elf:1)
  3 spriggan berserkers
  9 vampire magi
  A storm dragon zombie (Depths:3)
  A titan zombie (Crypt:3)
  4 spriggans
  13 hell knights
  24 deep elf knights
  2 titan skeletons
  8 iron trolls
  25 soul eaters
  18 crystal echidnas
  33 sun demons
  16 wretched stars
  A spatial maelstrom (Depths:4)
  A spectral death yak (Lair:5)
  18 shadow wraiths
  26 sixfirhies
  31 skeletal warriors
  3 pharaoh ants
  2 cherubim (Abyss:3)
  A salamander mystic (Depths:1)
  4 hellephant skeletons (Pan)
  7 skysharks
  A death drake (shapeshifter) (Vaults:5)
  3 goliath frogs
  An anaconda zombie (Hell)
  3 glowing orange brains
  16 shadow demons
  2 spectral anacondas
  50 deep trolls
  14 orb spiders
  9 sun moths
  11 sea snakes
  4 quicksilver dragon simulacra
  2 bunyip skeletons
  A swamp dragon (shapeshifter) (Depths:3)
  10 flayed ghosts
  11 lindwurms
  4 steelbarb worms
  8 arcanists
  9 deep elf archers
  10 phantasmal warriors
  21 harpies
  A kraken simulacrum (Shoals:4)
  4 obsidian statues
  3 orange crystal statues
  22 deep elf pyromancers
  28 ironbound convokers
  9 orc knights
  A golden dragon skeleton (Tomb:2)
  36 deep elf zephyrmancers
  2 orc sorcerers
  24 necromancers
  A sphinx simulacrum (Depths:1)
  42 large abominations
  5 fire giant zombies (Tar:2)
  An alligator zombie (Hell)
  36 moths of wrath
  15 wolf spiders
  3 shining eyes
  14 manticores
  2 will-o-the-wisps (Abyss:3)
  9 fauns
  A stone giant zombie (Tomb:1)
  4 salamanders
  4 worldbinders (Abyss:3)
  10 cyclopes
  47 ugly things
  2 kobold blastminers (Orc:2)
  A spectral centaur (Tar:1)
  A fire giant skeleton (Crypt:2)
  13 elephants
  A guardian serpent (Abyss:3)
  2 stone giant skeletons
  A meliai (shapeshifter) (D:14)
  An iron dragon skeleton (Depths:3)
  11 meliai
  10 merfolk sirens
  4 apocalypse crabs
  Joseph (D:10)
  4 black mambas
  23 vault sentinels
  7 torpor snails
  7 water nymphs
  4 titan simulacra
  12 molten gargoyles
  3 rust devils
  A grey draconian zombie (Crypt:1)
  6 eyes of devastation
  A storm dragon simulacrum (Zig:9)
  9 cane toads
  A dire elephant skeleton (Lair:5)
  20 smoke demons
  5 gargoyles
  A frost giant skeleton (Crypt:1)
  3 ice statues
  A dire elephant zombie (Crypt:3)
  7 rime drakes
  2 unseen horrors
  An alligator snapping turtle zombie (Crypt:3)
  5 centaur skeletons
  A steelbarb worm zombie (Crypt:1)
  6 orange demons (Pan)
  5 kobold demonologists (D:13)
  35 yaktaurs
  35 hellions
  31 tormentors
  6 anaconda simulacra
  12 efreet
  A spectral naga (Tar:1)
  12 freezing wraiths
  A golden dragon simulacrum (Coc:7)
  9 ancient zymes
  2 harpy zombies (Crypt:2)
  12 komodo dragons
  17 ice devils
  An iron giant simulacrum (Coc:1)
  71 guardian mummies
  3 bunyip simulacra
  18 tengu conjurers
  2 sea snake skeletons (Hell)
  An unseen horror skeleton (Crypt:2)
  A sea snake zombie (Hell)
  A green draconian skeleton (Crypt:2)
  A queen bee (shapeshifter) (Depths:2)
  2 spectral harpies
  3 red devils
  9 hellwings
  39 merfolk
  A polar bear (shapeshifter) (D:14)
  13 trolls
  12 wind drakes
  2 polar bears (Lair:5)
  9 hornets
  2 hydra skeletons (Crypt:3)
  A fire dragon zombie (Crypt:3)
  Grinder (Sewer)
  17 blink frogs
  19 raiju (Abyss:3)
  14 dream sheep
  3 glass eyes
  24 tarantellas
  A snapping turtle (shapeshifter) (Depths:4)
  8 snapping turtles
  80 slime creatures
  2 stone giant simulacra
  2 ettin skeletons
  17 jumping spiders
  A satyr skeleton (Crypt:2)
  7 air elementals
  26 culicivoras
  7 dire elephant simulacra
  13 ynoxinuls
  A black mamba zombie (Crypt:2)
  13 small abominations
  2 centaur simulacra
  21 ushabtiu
  A yak (shapeshifter) (Abyss:3)
  A fire bat (Abyss:2)
  6 basilisks
  13 wraiths
  42 yaks
  An alligator snapping turtle simulacrum (Coc:2)
  2 fire elementals
  3 golden eyes
  17 water elementals
  5 wyverns
  7 vampire mosquitoes
  An elf (Vaults:1)
  Grum (D:11)
  3 wargs
  A tyrant leech zombie (Crypt:1)
  2 golden eyes (shapeshifter)
  3 steam dragons
  5 death yak simulacra
  40 redbacks
  A redback (shapeshifter) (Vaults:5)
  Menkaure (D:4)
  A naga zombie (Tomb:1)
  16 neqoxecs
  9 chaos spawn
  13 harpy simulacra
  4 hydra simulacra
  3 acid dragons
  17 water moccasins
  12 hell hounds
  2 ice beasts
  2 elephant zombies (Lair:5)
  4 black bears
  45 laughing skulls
  2 naga skeletons (Crypt:3)
  19 orc warriors
  23 ogres
  A sky beast (D:7)
  A black mamba simulacrum (Tomb:2)
  3 boggarts (Vaults:1)
  6 ettin simulacra
  An ice dragon simulacrum (Tomb:1)
  2 elephant skeletons (Lair:5)
  19 centaurs
  5 wolves
  2 phantoms
  8 brain worms
  15 kobold brigands
  7 weeping skulls
  14 bullfrogs
  5 necrophages
  8 earth elementals
  3 gnoll sergeants
  A two-headed ogre simulacrum (IceCv)
  4 scorpions
  8 cane toad simulacra
  2 draconian skeletons
  4 wights (D:6)
  9 killer bees
  2 elephant simulacra (Lair:5)
  A howler monkey (D:10)
  3 electric eels
  2 bombardier beetles
  A vampire bat (Lair:2)
  A crimson imp (Abyss:3)
  4 quasits
  A black bear zombie (Crypt:2)
  5 hounds
  16 orc priests
  4 jellies
  7 iron imps (Gauntlet)
  48 starcursed masses
  22 orc wizards
  4 iguanas
  5 hell rats
  5 polar bear simulacra (IceCv)
  A boggart skeleton (D:14)
  5 spriggan simulacra
  4 wolf simulacra (IceCv)
  A troll simulacrum (IceCv)
  An acid dragon zombie (Crypt:1)
  An acid dragon skeleton (Crypt:2)
  A hound skeleton (Crypt:2)
  51 mummies
  Robin (D:3)
  9 gnolls
  2 swamp drake zombies
  8 adders
  2 naga simulacra
  14 river rats
  5 shadow imps
  A ribbon worm zombie (Crypt:1)
  4 white imps
  6 ufetubi
  3 dart slugs
  A ribbon worm (D:5)
  69 orcs
  14 bats
  9 endoplasms
  8 giant cockroaches
  16 goblins
  7 hobgoblins
  4 jackals (D:3)
  31 kobolds
  3 quokkas
  11 ball pythons
  4 frilled lizards
  A frilled lizard skeleton (Crypt:1)
  2 kobold zombies
  4 rats
  5 aspiring fleshes
  2 ball lightnings (Pan)
  A creeping inferno (Geh:1)
  2 fire vortices
  A lurking horror (Abyss:2)
  9 starspawn tentacles (Abyss:3)
4363 creatures vanquished.

Vanquished Creatures (collateral kills)
  A caustic shrike (Dis:4)
  A jorogumo (Spider:4)
  A two-headed ogre (D:15)
  A deep elf knight (Elf:1)
4 creatures vanquished.

Vanquished Creatures (others)
  An Ice Fiend (D:15)
  A sphinx (Pan)
  An eldritch tentacle (Pan)
  A searing wretch (Geh:5)
  A balrug (Pan)
  A blizzard demon (Pan)
  A merfolk impaler (Shoals:4)
  A vault guard (Vaults:5)
  2 caustic shrike simulacra (Coc:1)
  A jorogumo (Pan)
  A demonic crawler (Spider:4)
  An arcanist (D:9)
  3 spriggan simulacra
  A wolf spider (Spider:3)
  A smoke demon (Pan)
  A tengu conjurer (WizLab)
  An anaconda simulacrum (Coc:7)
  2 hellwings (Pan)
  A harpy skeleton (Abyss:3)
  A culicivora (Spider:2)
  A dire elephant simulacrum (Coc:5)
  A centaur simulacrum (Coc:1)
  A vampire mosquito (D:13)
  A chaos spawn (Pan)
  A harpy simulacrum (Coc:5)
  A merfolk simulacrum (Coc:1)
  A naga simulacrum (Coc:7)
  4 ball lightnings (Pan)
  A lurking horror (Abyss:3)
  17 starspawn tentacles (Abyss:3)
  8 tentacles
61 creatures vanquished.

Grand Total: 4428 creatures vanquished

Notes
Turn   | Place    | Note
-------+----------+-------------------------------------------
     0 | D:1      | frustrationSimulator the Draconian Shapeshifter began the
                  | quest for the Orb.
     0 | D:1      | Reached XP level 1. HP: 16/16 MP: 1/1
   173 | D:1      | Reached XP level 2. HP: 20/23 MP: 2/2
   256 | D:1      | Found a faded altar of an unknown god.
  1115 | D:2      | Reached XP level 3. HP: 25/29 MP: 3/3
  1399 | D:3      | Noticed Robin
  1610 | D:3      | Killed Robin
  1691 | D:3      | Reached XP level 4. HP: 30/36 MP: 4/4
  1721 | D:3      | Found a glowing drain.
  1725 | Sewer    | Entered a sewer
  1843 | Sewer    | Found an ancient bone altar of Kikubaaqudgha.
  1843 | Sewer    | Noticed a kobold brigand
  1884 | Sewer    | HP: 1/37 [kobold brigand/+0 short sword (5)]
  2049 | Sewer    | Killed a kobold brigand
  2050 | Sewer    | Reached XP level 5. HP: 32/44 MP: 5/5
  2165 | Sewer    | Reached XP level 6. HP: 24/51 MP: 6/6
  2270 | Sewer    | Noticed Grinder
  2295 | Sewer    | Paralysed by Grinder for 4 turns
  2302 | Sewer    | Killed Grinder
  2303 | Sewer    | Your scales start taking on a fiery red colour.
  2303 | Sewer    | Reached XP level 7. HP: 17/59 MP: 7/7
  2303 | Sewer    | Gained mutation: Your flesh is heat resistant. (rF+) [Red
                  | Draconian growth]
  3177 | D:3      | Found Rusudoe's Armour Emporium.
  3183 | D:3      | Reached skill level 5 in Unarmed Combat
  3335 | D:4      | Found Poir's Antique Armour Shop.
  3549 | D:4      | Noticed Menkaure
  3554 | D:4      | Killed Menkaure
  3555 | D:4      | Reached skill level 5 in Shapeshifting
  3708 | D:4      | Reached skill level 5 in Fighting
  3708 | D:4      | Reached XP level 8. HP: 36/68 MP: 8/8
  4179 | D:4      | Found a shimmering altar of Xom.
  4183 | D:4      | Found an ancient bone altar of Kikubaaqudgha.
  4183 | D:4      | Found a glowing golden altar of the Shining One.
  4184 | D:4      | Found a burning altar of Makhleb.
  4185 | D:4      | Found a stormy altar of Qazlal.
  4188 | D:4      | Found an ornate altar of the Wu Jian Council.
  4195 | D:4      | Became a worshipper of the Wu Jian Council
  4395 | D:5      | Entered Level 5 of the Dungeon
  4445 | D:5      | Found a staircase to the Ecumenical Temple.
  4510 | D:5      | Reached skill level 5 in Dodging
  5239 | D:5      | Reached * piety under Wu Jian
  5434 | D:6      | Reached XP level 9. HP: 69/78 MP: 9/9
  6572 | D:6      | Reached ** piety under Wu Jian
  6598 | D:6      | Found the +2 ratskin cloak {*Rats rPois rN+ Str-1 Int-1
                  | Dex+1}
  7534 | D:8      | Found a sacrificial altar of Ru.
  7744 | D:8      | Paralysed by a hornet for 3 turns
  7751 | D:8      | Paralysed by a hornet for 3 turns
  7757 | D:8      | Reached XP level 10. HP: 19/88 MP: 10/10
  8213 | D:8      | Noticed a two-headed ogre
  8229 | D:8      | Killed a two-headed ogre
  9135 | D:9      | Identified a scroll of acquirement
  9135 | D:9      | Acquired a manual of Unarmed Combat
  9262 | D:9      | Found a staircase to the Lair.
  9628 | D:9      | Reached *** piety under Wu Jian
  9837 | D:9      | Noticed Gastronok
  9855 | D:9      | Killed Gastronok
 10034 | D:9      | Found a staircase to the Orcish Mines.
 10484 | D:9      | Found an opulent altar of Gozag.
 10492 | D:9      | Reached XP level 11. HP: 88/97 MP: 11/11
 10496 | D:9      | Reached skill level 10 in Unarmed Combat
 10805 | D:9      | Found a bloodstained altar of Trog.
 10808 | D:9      | Noticed a wizard
 10813 | D:9      | Killed a wizard
 10863 | Lair:1   | Entered Level 1 of the Lair of Beasts
 11090 | Lair:1   | Reached skill level 10 in Fighting
 11752 | Lair:1   | Noticed a boulder beetle
 11764 | Lair:1   | Killed a boulder beetle
 12349 | Lair:2   | Reached skill level 10 in Shapeshifting
 12487 | Lair:2   | Noticed a boulder beetle
 12491 | Lair:2   | Reached skill level 10 in Dodging
 12499 | Lair:2   | Killed a boulder beetle
 12678 | Lair:2   | Noticed a boulder beetle
 12788 | Lair:2   | Reached **** piety under Wu Jian
 12795 | Lair:2   | Reached XP level 12. HP: 87/106 MP: 12/12
 12899 | Lair:2   | Killed a boulder beetle
 12900 | Lair:2   | Reached skill level 5 in Stealth
 13536 | Lair:3   | Noticed a five-headed hydra
 13539 | Lair:3   | Killed a five-headed hydra
 14013 | Lair:3   | Found a hole to the Spider Nest.
 14058 | Lair:3   | Noticed a death yak
 14060 | Lair:3   | Noticed a death yak
 14061 | Lair:3   | Noticed a death yak
 14070 | Lair:3   | Killed a death yak
 14079 | Lair:3   | Killed a death yak
 14086 | Lair:3   | Killed a death yak
 14582 | Lair:3   | Found a staircase to the Shoals.
 14840 | Lair:4   | Noticed a six-headed hydra
 14847 | Lair:4   | Killed a six-headed hydra
 14948 | Lair:4   | Reached XP level 13. HP: 102/117 MP: 9/13
 15021 | Lair:4   | You are sucked into a shaft and drop 1 floor!
 15021 | Lair:5   | Entered Level 5 of the Lair of Beasts
 15457 | Lair:4   | Noticed Odimp's ghost (journeyman KoWn)
 15538 | Lair:4   | Found a runed translucent door.
 15785 | Lair:4   | Found a transporter.
 15850 | Lair:4   | Found a transporter.
 16157 | Lair:4   | Noticed a minotaur
 16179 | Lair:4   | Killed a minotaur
 16646 | Lair:5   | Found a staircase to the Slime Pits.
 16646 | Lair:5   | Found a viscous altar of Jiyva.
 17426 | Lair:5   | Noticed a dire elephant
 17426 | Lair:5   | Noticed a dire elephant
 17426 | Lair:5   | Noticed a dire elephant
 17427 | Lair:5   | Noticed a dire elephant
 17620 | Lair:5   | Reached skill level 15 in Unarmed Combat
 18632 | Lair:5   | Killed a dire elephant
 18926 | Lair:5   | Killed a dire elephant
 18931 | Lair:5   | Killed a dire elephant
 18932 | Lair:5   | Reached XP level 14. HP: 88/130 MP: 10/14
 19501 | Orc:1    | Entered Level 1 of the Orcish Mines
 19608 | Orc:1    | Noticed an orc warlord
 19639 | Orc:1    | Killed an orc warlord
 20030 | Orc:2    | Entered Level 2 of the Orcish Mines
 20116 | Orc:2    | HP: 2/132 [kobold blastminer/iron shot (20)]
 20455 | Orc:2    | Found a staircase to the Elven Halls.
 20469 | Orc:2    | Reached ***** piety under Wu Jian
 20549 | Orc:2    | Found Jasyheiff's Magic Scroll Emporium.
 20550 | Orc:2    | Found Eros's Magic Scroll Shoppe.
 21718 | Orc:2    | Found Joxzait's Jewellery Boutique.
 21726 | Orc:2    | Found Jeomicka's Antique Armour Emporium.
 21744 | Orc:2    | Bought a scroll of blinking for 112 gold pieces
 22147 | D:10     | Entered Level 10 of the Dungeon
 22619 | Lair:4   | HP: 5/128 [black mamba (7)]
 22931 | Lair:4   | Reached skill level 15 in Fighting
 22943 | Lair:4   | Killed Odimp's ghost
 23566 | Lair:4   | Identified the ring of Happiness {MP+9 Slay+6}
 23851 | Orc:2    | Bought a glowing scarf for 272 gold pieces
 24132 | D:11     | Got the Omnibus of the Felsic Crypt
 24736 | D:11     | Noticed Grum
 24749 | D:11     | Killed Grum
 25204 | D:10     | Noticed Joseph
 25217 | D:10     | Killed Joseph
 25551 | D:10     | Reached XP level 15. HP: 140/140 MP: 15/15
 26995 | D:13     | Found a frozen archway.
 27014 | IceCv    | Entered an ice cave
 27546 | IceCv    | Found an ancient bone altar of Kikubaaqudgha.
 27581 | IceCv    | Reached ****** piety under Wu Jian
 28625 | Orc:2    | Bought a pair of embroidered gloves for 255 gold pieces
 28824 | D:3      | Bought a +2 pair of gloves of stealth for 215 gold pieces
 29224 | D:13     | Found a runed translucent gate.
 29224 | D:13     | Found a runed translucent gate.
 29224 | D:13     | Found a runed translucent gate.
 29226 | D:13     | Noticed Xyoprad's ghost (journeyman FoFi)
 29588 | D:13     | Noticed Azrael
 29595 | D:13     | Killed Azrael
 29819 | D:14     | Found a sacrificial altar of Ru.
 29854 | D:14     | Found a gate leading to a gauntlet.
 29855 | D:14     | Found Inits's Antique Armour Shoppe.
 29855 | D:14     | Identified the ring of Edog {Will+ Int+4 Dex+6}
 29877 | D:14     | Bought a pair of masterwork gloves for 313 gold pieces
 29877 | D:14     | Identified the +2 pair of gloves of the Skies Above {rF-
                  | rN+++ Int+5 Dex-5} (You bought it in a shop on level 14 of
                  | the Dungeon)
 29904 | Gauntlet | Entered a Gauntlet
 29904 | Gauntlet | Found a transporter.
 30008 | Gauntlet | Found a transporter.
 30011 | Gauntlet | Found a transporter.
 30012 | Gauntlet | Found a transporter.
 30016 | Gauntlet | Found a runed translucent door.
 30016 | Gauntlet | Found a runed translucent door.
 30020 | Gauntlet | Found a transporter.
 30023 | Gauntlet | Found a transporter.
 30024 | Gauntlet | Found a transporter.
 30033 | Gauntlet | Found a transporter.
 30035 | Gauntlet | Found a transporter.
 30036 | Gauntlet | Found a transporter.
 30045 | Gauntlet | Found a transporter.
 30047 | Gauntlet | Found a transporter.
 30048 | Gauntlet | Found a transporter.
 30055 | Gauntlet | Found a runed translucent door.
 30058 | Gauntlet | Found a transporter.
 30436 | Gauntlet | Identified the amulet of the Grey Skies {RegenMP rElec rN+
                  | Int-4}
 30459 | Gauntlet | Identified the ring of the Ego {Fire Str+3 Int+3}
 30596 | Gauntlet | Identified the +1 hat of Duck's Teeth {rF- rN+ Dex+4
                  | Stlth+}
 30638 | Gauntlet | Identified the +6 dagger "Liuhuiteyq" {spect, rF+ Dex+2}
 31172 | D:14     | Reached XP level 16. HP: 55/152 MP: 11/16
 31420 | D:14     | Found a gate to the Vaults.
 31502 | D:14     | Reached skill level 15 in Shapeshifting
 31947 | D:15     | Entered Level 15 of the Dungeon
 33008 | D:15     | Found a staircase to the Depths.
 33177 | D:15     | Noticed Nessos
 33179 | D:15     | Killed Nessos
 33572 | Elf:1    | Entered Level 1 of the Elven Halls
 34052 | Elf:1    | Found Esemno's Antique Armour Shop.
 34176 | Elf:1    | Found Tyihoen's Armour Emporium.
 35541 | Elf:1    | Noticed Frances
 35547 | Elf:1    | Reached XP level 17. HP: 116/163 MP: 17/17
 35559 | Elf:1    | Killed Frances
 35957 | Elf:1    | Found Meffadelli's Weapon Boutique.
 36364 | Elf:2    | Paralysed by an air elemental for 1 turns
 36646 | Elf:2    | Found a runed translucent gate.
 36647 | Elf:2    | Found a runed translucent gate.
 36647 | Elf:2    | Found a runed translucent gate.
 37214 | Spider:1 | Entered Level 1 of the Spider Nest
 38027 | Spider:1 | Acquired the +2 pair of boots of Hohekhli {rCorr Str+3}
 38125 | Spider:1 | Noticed Roxanne
 38262 | Spider:1 | Killed Roxanne
 39931 | Spider:2 | Noticed Louise
 39931 | Abyss:2  | Cast into level 2 of the Abyss (Louise)
 39984 | Abyss:2  | Found a corrupted altar of Lugonu.
 40209 | Abyss:3  | Found a corrupted altar of Lugonu.
 40251 | Abyss:3  | Found a corrupted altar of Lugonu.
 40272 | Spider:2 | Escaped the Abyss
 40373 | Spider:2 | Killed Louise
 41418 | Spider:2 | You fall into a shaft and drop 1 floor!
 41635 | Spider:3 | Reached skill level 1 in Shields
 41945 | Spider:3 | Reached XP level 18. HP: 173/173 MP: 2/18
 43340 | Spider:4 | Entered Level 4 of the Spider Nest
 43340 | Spider:4 | Noticed Agnes
 43344 | Spider:4 | Killed Agnes
 43622 | Spider:4 | Learned a level 2 spell: Blink
 43715 | Spider:4 | Noticed Arachne
 43720 | Spider:4 | Killed Arachne
 43721 | Spider:4 | Reached skill level 1 in Translocations
 43908 | Spider:4 | Reached skill level 1 in Spellcasting
 44096 | Spider:4 | Noticed Nikola
 44108 | Spider:4 | Reached skill level 1 in Evocations
 44122 | Spider:4 | Killed Nikola
 44187 | Spider:4 | Got a gossamer rune of Zot
 44191 | Spider:4 | Identified the orb of Negligence {*channel, rN+}
 44220 | Spider:4 | Identified the +9 hand axe "Goblin's Death" {flame, rF+}
 44783 | Vaults:1 | Entered Level 1 of the Vaults
 44804 | Vaults:1 | Identified the +4 kite shield of Wrong Decisions {^Drain
                  | +Blink Will+}
 44804 | Vaults:1 | Noticed Asterion
 44812 | Vaults:1 | Killed Asterion
 45024 | Vaults:1 | Found a magical portal.
 45031 | Vaults:1 | Noticed Donald
 45035 | Vaults:1 | Killed Donald
 45065 | WizLab   | Entered Iskenderun's Mystic Tower
 45310 | WizLab   | Reached skill level 5 in Shields
 45747 | WizLab   | Reached XP level 19. HP: 183/183 MP: 23/23
 45765 | WizLab   | Got Iskenderun's Disquisition on Attacks
 45765 | WizLab   | Got Iskenderun's Quarto of Momentum
 45795 | WizLab   | Got the Thoughts on Necrotic Peregrination
 45795 | WizLab   | Got the Vellum of the Crevasse and Mustering
 46396 | Vaults:1 | Noticed Boris
 46398 | Vaults:1 | Killed Boris
 46593 | Vaults:1 | Reached skill level 10 in Shields
 47343 | Vaults:2 | Noticed Boris
 47343 | Vaults:2 | Noticed Xtahua
 47349 | Vaults:2 | Paralysed by Xtahua for 3 turns
 47352 | Vaults:2 | Killed Xtahua
 47363 | Vaults:2 | Killed Boris
 48345 | Vaults:2 | Found Piez's Magic Scroll Boutique.
 48348 | Vaults:2 | Bought a scroll of revelation for 90 gold pieces
 48348 | Vaults:2 | Bought a scroll of blinking for 90 gold pieces
 48348 | Vaults:2 | Bought a scroll of teleportation for 36 gold pieces
 48428 | Vaults:2 | Found Japsisil's Armour Emporium.
 48776 | Vaults:3 | Noticed Norris
 48779 | Vaults:3 | Killed Norris
 48779 | Vaults:3 | Reached XP level 20. HP: 191/191 MP: 19/24
 49187 | Vaults:3 | Reached skill level 15 in Shields
 49244 | Vaults:3 | Found a runed translucent door.
 49244 | Vaults:3 | Found a shimmering altar of Xom.
 49244 | Vaults:3 | Noticed Adoajy's ghost (adept DsWr)
 49259 | Vaults:3 | Killed Adoajy's ghost
 49535 | Vaults:3 | Found a staircase to the Crypt.
 49535 | Vaults:3 | Noticed a bone dragon
 49551 | Vaults:3 | Killed a bone dragon
 50033 | Vaults:4 | Found a portal to a secret trove of treasure.
 51380 | Vaults:4 | Noticed Zenata
 51386 | Vaults:4 | Killed Zenata
 52330 | D:13     | Killed Xyoprad's ghost
 52783 | Shoals:1 | Entered Level 1 of the Shoals
 52858 | Shoals:1 | Reached skill level 1 in Throwing
 53168 | Shoals:1 | Identified the +4 flail of the Imbibing Gods {spect, rC+
                  | Int+2}
 53580 | Shoals:2 | Found Tovunew's Book Boutique.
 53626 | Shoals:2 | Reached skill level 5 in Throwing
 53993 | Shoals:2 | Reached XP level 21. HP: 200/200 MP: 27/27
 54514 | Shoals:3 | Got A Primer on Witchery
 54667 | Shoals:3 | Found Naohearr's Magic Scroll Boutique.
 54674 | Shoals:3 | Bought a scroll of fog for 72 gold pieces
 54674 | Shoals:3 | Bought a scroll of blinking for 135 gold pieces
 54674 | Shoals:3 | Bought a scroll of fog for 72 gold pieces
 54674 | Shoals:3 | Bought a scroll of teleportation for 54 gold pieces
 54674 | Shoals:3 | Bought a scroll of poison for 72 gold pieces
 55241 | Shoals:3 | Reached skill level 5 in Translocations
 55279 | Shoals:3 | Found Ciruq's Magic Scroll Shop.
 55281 | Shoals:3 | Reached skill level 5 in Evocations
 55291 | Shoals:3 | Bought a scroll of teleportation for 57 gold pieces
 55291 | Shoals:3 | Bought a scroll of teleportation for 57 gold pieces
 55512 | Shoals:3 | Found Wownutz's Distillery.
 55525 | Shoals:3 | Bought a potion of heal wounds for 70 gold pieces
 55525 | Shoals:3 | Bought a potion of might for 56 gold pieces
 55525 | Shoals:3 | Bought 2 potions of curing for 84 gold pieces
 55525 | Shoals:3 | Bought a potion of mutation for 112 gold pieces
 55525 | Shoals:3 | Bought a potion of cancellation for 112 gold pieces
 55525 | Shoals:3 | Bought a potion of attraction for 42 gold pieces
 55525 | Shoals:3 | Bought a potion of curing for 42 gold pieces
 55608 | Shoals:4 | Entered Level 4 of the Shoals
 55609 | Shoals:4 | Found Qicoc's Jewellery Emporium.
 55646 | Shoals:4 | Identified the ring of Mumest Xaosch {Fly rN+ Int+4 Stlth-}
 55916 | Shoals:4 | Reached skill level 5 in Spellcasting
 56152 | Shoals:4 | Got a barnacled rune of Zot
 56174 | Shoals:4 | Noticed Ilsuiw
 56194 | Shoals:4 | Killed Ilsuiw
 56372 | Shoals:4 | Identified the ring "Vapuolal" {Ice Dex+5}
 56513 | Shoals:4 | Identified the +3 short sword of Subjectivity {freeze,
                  | Dex+5}
 57055 | Elf:3    | Entered Level 3 of the Elven Halls
 57114 | Elf:3    | Found Vaerihil's Magic Scroll Emporium.
 57125 | Elf:3    | Bought a scroll of revelation for 142 gold pieces
 57277 | Elf:3    | Paralysed by an air elemental for 1 turns
 57877 | Abyss:3  | Cast into level 3 of the Abyss (a deep elf sorcerer)
 58143 | Elf:3    | Escaped the Abyss
 58472 | Shoals:2 | Bought a book of Battle for 390 gold pieces
 58477 | Shoals:2 | Learned a level 4 spell: Manifold Assault
 58769 | Elf:3    | Identified the +7 broad axe of Brawling {vamp, Fly rC-
                  | Str+3 Dex+3}
 58900 | Elf:3    | Identified the ring "Qariag" {Str+3 Int+6}
 58954 | Elf:3    | Got Nuokuoj's Elucidation of Rallying
 58963 | Elf:3    | Got the Directory of Gelid Austromancy
 58966 | Elf:3    | Identified the staff of Wynemp {rN+ rCorr Stlth+ Necro}
 58969 | Elf:3    | Identified the +0 scale mail of the Wilderness {*Corrode
                  | rF+ Slay+2}
 58970 | Elf:3    | Identified the +6 orcbow of Premature Burial {drain, rF++}
 58988 | Elf:3    | Identified the +2 trident of Okawaru's Benevolence {flame,
                  | *Rage MP+9 Dex+5}
 58993 | Elf:3    | Identified the staff of Qakacaor {^Fragile rF+ rC+ rCorr
                  | Str+6 Fire}
 59507 | Crypt:1  | Entered Level 1 of the Crypt
 59644 | Crypt:1  | Reached skill level 10 in Stealth
 59670 | Crypt:1  | Noticed Boris
 59675 | Crypt:1  | Killed Boris
 59736 | Crypt:1  | Reached XP level 22. HP: 210/210 MP: 29/29
 60141 | Crypt:2  | Noticed Margery
 60178 | Crypt:2  | Killed Margery
 60660 | Crypt:2  | Noticed Vv
 60670 | Crypt:2  | Killed Vv
 61187 | Crypt:2  | Noticed a royal mummy
 61193 | Crypt:2  | Killed a royal mummy
 61336 | Crypt:2  | Noticed a royal mummy
 61343 | Crypt:2  | Killed a royal mummy
 61346 | Crypt:2  | Noticed Khufu
 61354 | Crypt:2  | Killed Khufu
 61385 | Crypt:2  | Noticed a royal mummy
 61418 | Crypt:2  | Killed a royal mummy
 61424 | Crypt:2  | Got Sif Muna's Vellum of Nonlocality
 61850 | Crypt:3  | Entered Level 3 of the Crypt
 62019 | Crypt:3  | Found a staircase to the Tomb.
 62258 | Crypt:3  | Found a basalt altar of Yredelemnul.
 62258 | Crypt:3  | Noticed a dread lich
 62261 | Crypt:3  | Killed a dread lich
 62293 | Crypt:3  | Found the +3 pair of gauntlets of War {Slay+5}
 62300 | Crypt:3  | Got the Disquisition on the Catacomb
 63650 | Depths:1 | Entered Level 1 of the Depths
 63665 | Depths:1 | Found a transporter.
 63665 | Depths:1 | Noticed Poanarph's ghost (veteran GrAl)
 63666 | Depths:1 | Found a transporter.
 63668 | Depths:1 | Noticed a dread lich
 63689 | Depths:1 | Reached XP level 23. HP: 220/220 MP: 30/30
 63839 | Depths:1 | Found a gateway to Hell.
 63841 | Depths:1 | Identified the +0 leather armour of the Sacrificial Victim
                  | {rElec rN+ Dex+6}
 63898 | Depths:1 | Noticed an ancient lich
 63928 | Depths:1 | Noticed Sojobo
 63936 | Depths:1 | Killed Sojobo
 63947 | Depths:1 | Paralysed by a vampire knight for 2 turns
 64161 | Depths:1 | Noticed Mara
 64170 | Depths:1 | Noticed frustrationSimulator's illusion
 64171 | Depths:1 | Killed Mara
 64307 | Depths:1 | Found a runed translucent door.
 64345 | Depths:1 | Found Ceuxkic's Distillery.
 64349 | Depths:1 | Bought a potion of resistance for 110 gold pieces
 64349 | Depths:1 | Bought a potion of might for 44 gold pieces
 64349 | Depths:1 | Bought a potion of might for 44 gold pieces
 64349 | Depths:1 | Bought a potion of ambrosia for 88 gold pieces
 64349 | Depths:1 | Bought a potion of heal wounds for 55 gold pieces
 64498 | Depths:1 | Found a one-way gateway to a ziggurat.
 65189 | Depths:2 | Noticed Bai Suzhen
 65202 | Depths:2 | Killed Bai Suzhen
 65590 | Depths:2 | Found a one-way gate leading to the halls of Pandemonium.
 65778 | Depths:2 | Paralysed by an air elemental for 1 turns
 66208 | Depths:2 | Noticed an ancient lich
 66211 | Depths:2 | Killed an ancient lich
 67457 | Depths:3 | Found Xipio's Antique Weapon Boutique.
 67457 | Depths:3 | Found a one-way gate to the infinite horrors of the Abyss.
 67470 | Depths:3 | Noticed Mennas
 67473 | Depths:3 | Identified the +1 sling "Nitsy" {flame, rF+}
 67477 | Depths:3 | Killed Mennas
 67876 | Depths:3 | Reached XP level 24. HP: 228/228 MP: 30/30
 67888 | Depths:3 | Found Game's Magic Scroll Boutique.
 67892 | Depths:3 | Bought a scroll of revelation for 150 gold pieces
 67892 | Depths:3 | Bought a scroll of revelation for 150 gold pieces
 67892 | Depths:3 | Bought 2 scrolls of poison for 160 gold pieces
 68005 | Depths:3 | Found Soitess's Weapon Emporium.
 68034 | Depths:3 | Found Elomo's Armour Boutique.
 68502 | Depths:4 | Entered Level 4 of the Depths
 68663 | Depths:4 | Reached XP level 25. HP: 236/236 MP: 30/30
 68666 | Depths:4 | Found a shadowy altar of Dithmenos.
 69434 | Depths:4 | Found a gate to the Realm of Zot.
 69926 | Depths:4 | Found Loseni's Jewellery Shoppe.
 69927 | Depths:4 | Found Rimiona's Book Shop.
 69927 | Depths:4 | Found Heschueni's Book Shop.
 70457 | Vaults:5 | Entered Level 5 of the Vaults
 70461 | Vaults:5 | Found the +8 Wrath of Trog {antimagic, *Rage Rampage}
 70461 | Vaults:5 | Noticed Jory
 70469 | Vaults:5 | Reached skill level 10 in Translocations
 70709 | Vaults:5 | Identified the ring "Ytryred" {^Drain Fly Str+8 Stlth+}
 70709 | Vaults:5 | Killed Jory
 70725 | Vaults:5 | Reached XP level 26. HP: 176/248 MP: 28/33
 71112 | Vaults:5 | Identified the +2 flail of Evisceration {freeze, rCorr
                  | Str-2 Dex+5 SInv}
 71114 | Vaults:5 | Identified the +10 dagger of Ru's Benevolence {venom, rF+
                  | MP+9 Int+2}
 71217 | Vaults:5 | Got a silver rune of Zot
 71219 | Vaults:5 | Identified the +5 morningstar "Diycazotiu" {flame, *Corrode
                  | rPois rC+ Dex+5}
 71654 | Vaults:5 | Identified the +1 scale mail "Lemieler" {Harm rF+ Str+2}
 71662 | Vaults:5 | Identified the +3 trident of Ulahilli {freeze, rF+ MP+9
                  | Str-5 Int+3}
 71678 | Vaults:5 | Got the Folio of Grit and the Elixir
 71692 | Vaults:5 | Acquired the +6 tower shield "Jisomacw" {rN+ rCorr Int+3}
 71693 | Vaults:5 | Acquired 300 gold pieces
 72187 | Tomb:1   | Entered Level 1 of the Tomb of the Ancients
 72513 | Tomb:1   | Noticed a royal mummy
 72524 | Tomb:1   | Killed a royal mummy
 72873 | Tomb:1   | Noticed a royal mummy
 72883 | Tomb:1   | Killed a royal mummy
 73112 | Tomb:1   | Noticed a royal mummy
 73122 | Tomb:1   | Killed a royal mummy
 74061 | Slime:1  | Entered Level 1 of the Pits of Slime
 74246 | Slime:5  | Entered Level 5 of the Pits of Slime
 74425 | Slime:5  | Noticed the Royal Jelly
 74437 | Slime:5  | Killed the Royal Jelly
 74915 | Slime:5  | Found the +4 robe of Augmentation {Str+4 Int+4 Dex+4}
 74923 | Slime:5  | Got Sif Muna's Grimoire of Combustion and Clouds
 74969 | Slime:5  | Got a slimy rune of Zot
 74981 | Slime:5  | Identified the ring of Joy {EV+5 Int+5 Dex-2}
 74989 | Slime:5  | Identified the +0 hat of Unambiguity {Dex+2}
 74997 | Slime:5  | Identified the ring of Many {Int+6 SInv}
 75014 | Slime:5  | Identified the +8 halberd of Gozag, Hurling {heavy, rPois
                  | rF+ rCorr}
 75017 | Slime:5  | Identified the staff of Quantum Leap {*Slow rPois rCorr
                  | Str+6 Alchemy}
 76050 | Depths:1 | Reached skill level 15 in Dodging
 76732 | Depths:1 | Killed an ancient lich
 76732 | Depths:1 | Killed a dread lich
 76732 | Depths:1 | Reached XP level 27. HP: 259/259 MP: 36/36
 76733 | Depths:1 | Killed Poanarph's ghost
 76748 | Depths:1 | Identified the +0 hat "Netuguwu" {Stlth+}
 77603 | Elf:2    | Reached skill level 10 in Spellcasting
 77891 | Elf:2    | Identified the blade talisman "Jicro" {+Blink rN+}
 78717 | Zot:1    | Entered Level 1 of the Realm of Zot
 79157 | Zot:1    | Acquired a manual of Evocations
 79222 | Zot:1    | Found the +4 dragonskin cloak
 79222 | Zot:1    | Noticed Tiamat
 79233 | Zot:1    | Killed Tiamat
 79494 | Zot:1    | Identified the +6 war axe of the Tundras {drain, Str+3}
 80459 | Zot:2    | Noticed an orb of fire
 80460 | Zot:2    | Noticed an orb of fire
 80464 | Zot:2    | Gained mutation: Your magical capacity is low. (-10% MP)
                  | [an orb of fire]
 80471 | Zot:2    | Killed an orb of fire
 80474 | Zot:2    | Gained mutation: You occasionally shout uncontrollably at
                  | your foes. [an orb of fire]
 80479 | Zot:2    | Killed an orb of fire
 80482 | Zot:2    | Lost mutation: You occasionally shout uncontrollably at
                  | your foes. [potion of mutation]
 80482 | Zot:2    | Lost mutation: Your magical capacity is low. (-10% MP)
                  | [potion of mutation]
 80482 | Zot:2    | Gained mutation: Your body sometimes deteriorates upon
                  | taking damage. [potion of mutation]
 80483 | Zot:2    | Lost mutation: Your body sometimes deteriorates upon taking
                  | damage. [potion of mutation]
 80483 | Zot:2    | Gained mutation: Your tail ends in a venomous barb. [potion
                  | of mutation]
 80483 | Zot:2    | Gained mutation: You are weak. (Str -2) [potion of
                  | mutation]
 80483 | Zot:2    | Gained mutation: You are vulnerable to cold. (rC-) [potion
                  | of mutation]
 80484 | Zot:2    | Lost mutation: You are weak. (Str -2) [potion of mutation]
 80484 | Zot:2    | Lost mutation: You are vulnerable to cold. (rC-) [potion of
                  | mutation]
 80484 | Zot:2    | Lost mutation: Your tail ends in a venomous barb. [potion
                  | of mutation]
 80484 | Zot:2    | Gained mutation: You are clumsy. (Dex -2) [potion of
                  | mutation]
 80484 | Zot:2    | Gained mutation: Your mind is acute. (Int +4, Str/Dex -1)
                  | [potion of mutation]
 80485 | Zot:2    | Lost mutation: Your mind is acute. (Int +4, Str/Dex -1)
                  | [potion of mutation]
 80485 | Zot:2    | Lost mutation: You are clumsy. (Dex -2) [potion of
                  | mutation]
 80485 | Zot:2    | Gained mutation: You have hidden genetic potential. [potion
                  | of mutation]
 81284 | Zot:2    | Reached skill level 10 in Evocations
 82348 | Zot:3    | Noticed Juzit's ghost (legendary GnFi)
 82349 | Zot:3    | Found a runed translucent door.
 82936 | Zot:3    | Noticed an ancient lich
 82939 | Zot:3    | Killed an ancient lich
 83414 | Zot:3    | Killed Juzit's ghost
 84471 | Zot:5    | Entered Level 5 of the Realm of Zot
 84536 | Zot:5    | Found Tokim's CLEARANCE SALE!.
 84541 | Zot:5    | Bought a wand of iceblast (1) for 7 gold pieces
 84795 | Zot:5    | Identified the ring of Tomosheuw {rC+ Dex+2}
 84963 | Zot:5    | Noticed an ancient lich
 84964 | Zot:5    | Noticed an orb of fire
 84964 | Zot:5    | Noticed an orb of fire
 84964 | Zot:5    | Noticed an ancient lich
 84967 | Zot:5    | Killed an orb of fire
 84969 | Zot:5    | Noticed an orb of fire
 84970 | Zot:5    | Killed an orb of fire
 84971 | Zot:5    | Noticed an ancient lich
 84971 | Zot:5    | Killed an ancient lich
 84973 | Zot:5    | Killed an ancient lich
 84974 | Zot:5    | Killed an orb of fire
 84974 | Zot:5    | Noticed an orb of fire
 84975 | Zot:5    | Noticed an ancient lich
 84975 | Zot:5    | Noticed a dread lich
 84976 | Zot:5    | Noticed a dread lich
 84976 | Zot:5    | Killed an ancient lich
 84976 | Zot:5    | Killed an orb of fire
 84977 | Zot:5    | Killed an ancient lich
 84978 | Zot:5    | Killed a dread lich
 84979 | Zot:5    | Killed a dread lich
 84980 | Zot:5    | Noticed a dread lich
 84981 | Zot:5    | Noticed a dread lich
 84981 | Zot:5    | Gained mutation: Your flesh is cold resistant. (rC+)
                  | [hidden potential]
 84984 | Zot:5    | Killed a dread lich
 84984 | Zot:5    | Paralysed by a dread lich for 3 turns
 84990 | Zot:5    | Killed a dread lich
 85699 | Zig:1    | Entered Level 1 of a ziggurat
 85716 | Zig:2    | Entered Level 2 of a ziggurat
 85741 | Zig:3    | Entered Level 3 of a ziggurat
 85763 | Zig:4    | Entered Level 4 of a ziggurat
 85823 | Zig:4    | Identified the amulet "Moag" {RegenMP rC+ Int+3}
 86019 | Zig:5    | Entered Level 5 of a ziggurat
 86051 | Zig:6    | Entered Level 6 of a ziggurat
 86212 | Zig:7    | Entered Level 7 of a ziggurat
 86251 | Zig:7    | Identified the +9 broad axe of Imoydadi {freeze, Dex+3}
 86267 | Zig:8    | Entered Level 8 of a ziggurat
 86274 | Zig:8    | Noticed Faugg the pandemonium lord
 86281 | Zig:8    | Killed Faugg the pandemonium lord
 86471 | Zig:8    | Identified the ring of Leaves {*Slow Fly rPois Int+6}
 86480 | Zig:9    | Entered Level 9 of a ziggurat
 86567 | Zig:9    | Noticed a royal mummy
 86567 | Zig:9    | Noticed a royal mummy
 86568 | Zig:9    | Noticed a royal mummy
 86573 | Zig:9    | Killed a royal mummy
 86578 | Zig:9    | Killed a royal mummy
 86583 | Zig:9    | Killed a royal mummy
 86898 | Zig:10   | Entered Level 10 of a ziggurat
 86905 | Zig:10   | Found the +3 Mad Mage's Maulers {Infuse+∞ VampMP -Cast}
 86905 | Zig:10   | Found the +4 consecrated labrys {holy, Valiant ^Fragile Fly
                  | SInv}
 86933 | Zig:10   | Identified the ring "Wuisas" {Wiz rN+ Will- Dex+7}
 86952 | Zig:10   | Identified the +9 arbalest "Luimiuc" {freeze, rC+}
 87026 | Zig:11   | Entered Level 11 of a ziggurat
 87711 | Hell     | Entered the Vestibule of Hell
 87711 | Hell     | Noticed Geryon
 87716 | Hell     | Killed Geryon
 88092 | Hell     | Found a gateway to the Iron City of Dis.
 88213 | Hell     | Found a gateway to the freezing wastes of Cocytus.
 88408 | Hell     | Found a gateway to the decaying netherworld of Tartarus.
 88500 | Hell     | Found a gateway to the ashen valley of Gehenna.
 88619 | Geh:1    | Entered Level 1 of Gehenna
 89180 | Geh:1    | Gained mutation: Your mind is acute. (Int +4, Str/Dex -1)
                  | [hidden potential]
 89180 | Geh:1    | Lost mutation: You have hidden genetic potential. [hidden
                  | potential expressed]
 91004 | Geh:7    | Entered Level 7 of Gehenna
 92256 | Geh:7    | Found the +13 sceptre of Asmodeus
 92256 | Geh:7    | Noticed Asmodeus
 92265 | Geh:7    | Killed Asmodeus
 92283 | Geh:7    | Got an obsidian rune of Zot
 92766 | Dis:1    | Entered Level 1 of the Iron City of Dis
 92769 | Dis:1    | Noticed an ancient lich
 92775 | Dis:1    | Killed an ancient lich
 92818 | Dis:2    | Noticed an ancient lich
 92818 | Dis:2    | Noticed an ancient lich
 92818 | Dis:2    | Noticed a dread lich
 92822 | Dis:2    | Noticed an ancient lich
 92824 | Dis:2    | Killed an ancient lich
 92824 | Dis:2    | Killed an ancient lich
 92826 | Dis:2    | Killed an ancient lich
 92826 | Dis:2    | Killed a dread lich
 92835 | Dis:2    | HP: 5/352 [Hell Sentinel/iron shot (37)]
 92837 | Dis:2    | Reached skill level 15 in Translocations
 93314 | Depths:4 | Voluntarily entered the Abyss.
 93314 | Abyss:3  | Noticed a juggernaut
 93321 | Abyss:3  | Killed a juggernaut
 93331 | Abyss:3  | Got an abyssal rune of Zot
 93339 | Abyss:3  | Found a glowing golden altar of the Shining One.
 93514 | Abyss:3  | Found a glowing golden altar of the Shining One.
 93650 | Abyss:3  | Paralysed by accursed screaming for 1 turns
 93698 | Abyss:3  | Found a glowing golden altar of the Shining One.
 93739 | Abyss:3  | Paralysed by accursed screaming for 1 turns
 93748 | Depths:4 | Escaped the Abyss
 93938 | Coc:1    | Entered Level 1 of Cocytus
 94026 | Coc:1    | Reached skill level 27 in Unarmed Combat
 94334 | Coc:1    | Paralysed by a wendigo for 1 turns
 94760 | Coc:2    | Reached skill level 27 in Fighting
 94941 | Coc:3    | HP: 3/354 [elemental wellspring/torrent of water (16)]
 95401 | Coc:4    | Paralysed by a wendigo for 1 turns
 96104 | Pan      | Entered Pandemonium
 96243 | Pan      | Found a transporter.
 96251 | Pan      | Identified the ring of the Princeling {rC+ MP+9 Int+3 SInv}
 96578 | Pan      | Found a transporter.
 97121 | Pan      | Gained mutation: Your spells are a little easier to cast,
                  | but a little less powerful. [a neqoxec]
 97122 | Pan      | Gained mutation: You have a somewhat thin skeletal
                  | structure. (Dex +2, Stealth+) [a neqoxec]
 97124 | Pan      | Gained mutation: You do not regenerate when monsters are
                  | visible. [a neqoxec]
 97126 | Pan      | Lost mutation: Your flesh is cold resistant. (rC+) [potion
                  | of mutation]
 97126 | Pan      | Lost mutation: You have a somewhat thin skeletal structure.
                  | (Dex +2, Stealth+) [potion of mutation]
 97126 | Pan      | Gained mutation: You are frail. (-10% HP) [potion of
                  | mutation]
 97126 | Pan      | Gained mutation: You expend magic power (3 MP) to
                  | strengthen your wands. [potion of mutation]
 97127 | Pan      | Lost mutation: You expend magic power (3 MP) to strengthen
                  | your wands. [potion of mutation]
 97127 | Pan      | Lost mutation: Your spells are a little easier to cast, but
                  | a little less powerful. [potion of mutation]
 97127 | Pan      | Gained mutation: You are agile. (Dex +4, Str/Int -1)
                  | [potion of mutation]
 97127 | Pan      | Gained mutation: Your mind is very acute. (Int +8, Str/Dex
                  | -2) [potion of mutation]
 97128 | Pan      | Lost mutation: You do not regenerate when monsters are
                  | visible. [potion of mutation]
 97128 | Pan      | Lost mutation: Your mind is very acute. (Int +8, Str/Dex
                  | -2) [potion of mutation]
 97128 | Pan      | Lost mutation: Your mind is acute. (Int +4, Str/Dex -1)
                  | [potion of mutation]
 97128 | Pan      | Lost mutation: You are frail. (-10% HP) [potion of
                  | mutation]
 97128 | Pan      | Lost mutation: You are agile. (Dex +4, Str/Int -1) [potion
                  | of mutation]
 97128 | Pan      | Gained mutation: You expend magic power (3 MP) to
                  | strengthen your wands. [potion of mutation]
 97136 | Pan      | Entered the realm of Mnoleg.
 97248 | Pan      | Gained mutation: You sometimes lose your temper in combat.
                  | [a cacodemon]
 97251 | Pan      | Gained mutation: You are vulnerable to cold. (rC-) [a
                  | cacodemon]
 97361 | Pan      | Lost mutation: You are vulnerable to cold. (rC-) [potion of
                  | mutation]
 97361 | Pan      | Lost mutation: You sometimes lose your temper in combat.
                  | [potion of mutation]
 97361 | Pan      | Gained mutation: Your system is resistant to poisons.
                  | (rPois) [potion of mutation]
 97361 | Pan      | Gained mutation: You sometimes lose your temper in combat.
                  | [potion of mutation]
 97458 | Pan      | Noticed Mnoleg
 97469 | Pan      | Killed Mnoleg
 97493 | Pan      | Got a glowing rune of Zot
 97644 | Pan      | Acquired a +2 hat of willpower
 97709 | Pan      | Gained mutation: Your magical capacity is low. (-10% MP) [a
                  | cacodemon]
 97853 | Pan      | Gained mutation: You have hidden genetic defects. [a
                  | neqoxec]
 97861 | Pan      | Gained mutation: You are dopey. (Int -2) [a cacodemon]
 97862 | Pan      | Gained mutation: You do not regenerate when monsters are
                  | visible. [a cacodemon]
 97868 | Pan      | Gained mutation: You have an uncontrollable temper. [a
                  | cacodemon]
 97898 | Pan      | Lost mutation: You expend magic power (3 MP) to strengthen
                  | your wands. [potion of mutation]
 97898 | Pan      | Lost mutation: You have an uncontrollable temper. [potion
                  | of mutation]
 97898 | Pan      | Lost mutation: You have hidden genetic defects. [potion of
                  | mutation]
 97898 | Pan      | Gained mutation: You are covered in fur. (AC +1) [potion of
                  | mutation]
 97898 | Pan      | Gained mutation: You occasionally lose the ability to drink
                  | potions when taking damage. [potion of mutation]
 97898 | Pan      | Gained mutation: Your magical capacity is very low. (-20%
                  | MP) [potion of mutation]
 97899 | Pan      | Lost mutation: You sometimes lose your temper in combat.
                  | [potion of mutation]
 97899 | Pan      | Lost mutation: You do not regenerate when monsters are
                  | visible. [potion of mutation]
 97899 | Pan      | Gained mutation: Your magical capacity is extremely low.
                  | (-30% MP) [potion of mutation]
 97899 | Pan      | Gained mutation: You are robust. (+10% HP) [potion of
                  | mutation]
 97900 | Pan      | Lost mutation: You occasionally lose the ability to drink
                  | potions when taking damage. [potion of mutation]
 97900 | Pan      | Lost mutation: Your system is resistant to poisons. (rPois)
                  | [potion of mutation]
 97900 | Pan      | Lost mutation: You are covered in fur. (AC +1) [potion of
                  | mutation]
 97900 | Pan      | Gained mutation: You are clumsy. (Dex -2) [potion of
                  | mutation]
 97900 | Pan      | Gained mutation: You are very robust. (+20% HP) [potion of
                  | mutation]
 97901 | Pan      | Lost mutation: You are dopey. (Int -2) [potion of mutation]
 97901 | Pan      | Lost mutation: You are very robust. (+20% HP) [potion of
                  | mutation]
 97901 | Pan      | Gained mutation: Your tail ends in a venomous barb. [potion
                  | of mutation]
 97902 | Pan      | Lost mutation: Your magical capacity is extremely low.
                  | (-30% MP) [potion of mutation]
 97902 | Pan      | Lost mutation: You are robust. (+10% HP) [potion of
                  | mutation]
 97902 | Pan      | Lost mutation: Your magical capacity is very low. (-20% MP)
                  | [potion of mutation]
 97902 | Pan      | Gained mutation: You have a pair of small antennae on your
                  | head. [potion of mutation]
 97994 | Pan      | Noticed Ytodd the pandemonium lord
 98002 | Pan      | Killed Ytodd the pandemonium lord
 98011 | Pan      | Got a demonic rune of Zot
 98020 | Abyss:3  | Cast into level 3 of the Abyss (+0 demon trident of
                  | distortion)
 98283 | Pan      | Escaped the Abyss
 98298 | Pan      | Entered the realm of Gloorx Vloq.
 98659 | Pan      | Noticed Gloorx Vloq
 98664 | Pan      | Killed Gloorx Vloq
 98683 | Pan      | Got a dark rune of Zot
 98851 | Pan      | Reached skill level 15 in Spellcasting
 98868 | Pan      | Found an exit through the horrors of the Abyss.
 98992 | Pan      | Identified the amulet "Optosuel" {RegenMP rPois rF+++ Will-
                  | rCorr}
 99449 | Pan      | Entered the realm of Cerebov.
 99603 | Pan      | Identified the +10 trident "Ogreslayer" {protect, rN+}
 99726 | Pan      | Found the +6 sword of Cerebov {flame}
 99726 | Pan      | Noticed Cerebov
 99743 | Pan      | Killed Cerebov
 99782 | Pan      | Got a fiery rune of Zot
 99815 | Pan      | Identified the +1 short sword of Excruciating Pain {venom,
                  | Dex+3 Stlth+}
100025 | Pan      | Entered the realm of Lom Lobon.
100249 | Pan      | Noticed Lom Lobon
100262 | Pan      | Killed Lom Lobon
100304 | Pan      | Got a magical rune of Zot
100546 | Pan      | Found an exit through the horrors of the Abyss.
100559 | Pan      | Took an exit into the Abyss.
100559 | Abyss:3  | Escaped into the Abyss
100952 | Depths:2 | Escaped the Abyss
101370 | Tomb:1   | Noticed a royal mummy
101370 | Tomb:1   | Noticed a royal mummy
101370 | Tomb:1   | Noticed a royal mummy
101370 | Tomb:1   | Noticed a royal mummy
101370 | Tomb:1   | Noticed a royal mummy
101370 | Tomb:1   | Noticed a royal mummy
101370 | Tomb:1   | Noticed a royal mummy
101370 | Tomb:1   | Noticed a royal mummy
101372 | Tomb:1   | Killed a royal mummy
101373 | Tomb:1   | Killed a royal mummy
101378 | Tomb:1   | Noticed a royal mummy
101378 | Tomb:1   | Noticed a royal mummy
101552 | Tomb:1   | Noticed a royal mummy
101563 | Tomb:1   | Killed a royal mummy
101583 | Tomb:1   | Killed a royal mummy
101843 | Tomb:1   | Noticed a royal mummy
101843 | Tomb:1   | Noticed a royal mummy
101844 | Tomb:1   | Noticed a royal mummy
101845 | Tomb:1   | Noticed a royal mummy
101845 | Tomb:1   | Noticed a royal mummy
101846 | Tomb:1   | Noticed a royal mummy
101849 | Tomb:1   | Killed a royal mummy
101854 | Tomb:1   | Killed a royal mummy
101862 | Tomb:1   | Killed a royal mummy
101864 | Tomb:1   | Noticed a royal mummy
101865 | Tomb:1   | Killed a royal mummy
101867 | Tomb:1   | Killed a royal mummy
101868 | Tomb:1   | Killed a royal mummy
101869 | Tomb:1   | Killed a royal mummy
101885 | Tomb:1   | Noticed a royal mummy
101892 | Tomb:1   | Killed a royal mummy
102036 | Tomb:1   | Noticed a royal mummy
102048 | Tomb:1   | Killed a royal mummy
102194 | Tomb:1   | Noticed a royal mummy
102205 | Tomb:1   | Killed a royal mummy
102293 | Tomb:1   | Killed a royal mummy
102330 | Tomb:1   | Killed a royal mummy
102374 | Tomb:1   | Killed a royal mummy
102377 | Tomb:1   | Killed a royal mummy
102662 | Tomb:1   | Killed a royal mummy
102876 | Tomb:1   | Killed a royal mummy
102906 | Tomb:1   | Killed a royal mummy
103474 | Tomb:2   | Noticed a royal mummy
103475 | Tomb:2   | Noticed a royal mummy
103475 | Tomb:2   | Noticed a royal mummy
103475 | Tomb:2   | Noticed a royal mummy
104262 | Orc:2    | Bought a scroll of teleportation for 51 gold pieces
104343 | Elf:3    | Bought 3 scrolls of teleportation for 171 gold pieces
105085 | Coc:6    | HP: 6/274 [shard shrike (34)]
105092 | Coc:6    | HP: 10/291 [nargun (3)]
105474 | Coc:7    | Entered Level 7 of Cocytus
105481 | Coc:7    | Paralysed by a wendigo for 1 turns
106297 | Coc:7    | Paralysed by a wendigo for 1 turns
106305 | Coc:7    | Paralysed by a wendigo for 1 turns
107382 | Coc:7    | Paralysed by a wendigo for 1 turns
108200 | Coc:7    | Identified the amulet of Goeschuta {Reflect Harm *Slow
                  | rElec SH+5 Stlth+}
108200 | Coc:7    | Noticed Antaeus
108209 | Coc:7    | Killed Antaeus
108289 | Coc:7    | Got an icy rune of Zot
108488 | Coc:7    | Paralysed by a wendigo for 1 turns
108497 | Coc:7    | Paralysed by a wendigo for 1 turns
108754 | Tar:1    | Entered Level 1 of Tartarus
110099 | Tar:4    | Noticed an ancient lich
110103 | Tar:4    | Killed an ancient lich
110130 | Tar:5    | You fall into a shaft and drop 1 floor!
110309 | Tar:7    | Entered Level 7 of Tartarus
110479 | Tar:7    | Identified the ring of the Real Monster {Str+2 SInv}
110510 | Tar:7    | Noticed a dread lich
110512 | Tar:7    | Noticed a dread lich
110517 | Tar:7    | Killed a dread lich
110520 | Tar:7    | Killed a dread lich
110876 | Tar:7    | Noticed an ancient lich
110878 | Tar:7    | Noticed a dread lich
110881 | Tar:7    | Killed an ancient lich
110884 | Tar:7    | Killed a dread lich
110892 | Tar:7    | Got Vegawk's Cyclopedia of Brilliant Electrocution
110923 | Tar:7    | Found the +18 shield of the Gong {Loud rN+ Will+ rCorr
                  | EV-5}
111393 | Tar:7    | Noticed the Serpent of Hell
111445 | Tar:7    | Killed the Serpent of Hell
111609 | Tar:7    | Noticed Ereshkigal
111633 | Tar:7    | Killed Ereshkigal
112016 | Tar:7    | Identified the +1 morningstar of the Slashing Dragonfly
                  | {flame, ^Contam *Noise rPois rN++ Will+}
112073 | Tar:7    | Got a bone rune of Zot
113382 | Dis:5    | Noticed an ancient lich
113383 | Dis:5    | Killed an ancient lich
113883 | Dis:7    | Entered Level 7 of the Iron City of Dis
114633 | Dis:7    | Reached skill level 27 in Shields
115227 | Dis:7    | Noticed a juggernaut
115232 | Dis:7    | Killed a juggernaut
115259 | Dis:7    | Reached skill level 15 in Evocations
115410 | Dis:7    | Noticed Dispater
115416 | Dis:7    | Killed Dispater
115426 | Dis:7    | Found the +10 zealot's sword {holy, Zealotry, *Rage rN+
                  | EV+3}
115432 | Dis:7    | Got an iron rune of Zot
116089 | Tomb:2   | Killed a royal mummy
116089 | Tomb:2   | Killed a royal mummy
116091 | Tomb:2   | Killed a royal mummy
116092 | Tomb:2   | Reached skill level 27 in Shapeshifting
116097 | Tomb:2   | Killed a royal mummy
116904 | Tomb:3   | Entered Level 3 of the Tomb of the Ancients
116923 | Tomb:3   | Noticed a royal mummy
116935 | Tomb:3   | Killed a royal mummy
116943 | Tomb:3   | Noticed a royal mummy
116944 | Tomb:3   | Noticed a royal mummy
116948 | Tomb:3   | Killed a royal mummy
116953 | Tomb:3   | Noticed a royal mummy
116957 | Tomb:3   | Killed a royal mummy
116960 | Tomb:3   | Reached skill level 27 in Dodging
116962 | Tomb:3   | Noticed a royal mummy
116962 | Tomb:3   | Noticed a royal mummy
116965 | Tomb:3   | Killed a royal mummy
116967 | Tomb:3   | Killed a royal mummy
116995 | Tomb:3   | Noticed a royal mummy
116996 | Tomb:3   | Killed a royal mummy
117018 | Tomb:3   | Got a golden rune of Zot
117231 | Tomb:3   | Noticed a royal mummy
117236 | Tomb:3   | Killed a royal mummy
117340 | Tomb:3   | Killed a royal mummy
117471 | Tomb:3   | Noticed a royal mummy
117552 | Tomb:3   | Identified the +9 morningstar of Reason {elec, Str+3}
117557 | Tomb:3   | Identified the +2 falchion of Terror {heavy, Stlth+}
117572 | Tomb:3   | Identified the +9 quarterstaff "Vaygat" {freeze, rF- rCorr
                  | Str+2 Int+3}
117743 | Tomb:3   | Identified the +4 dagger of Xukoot {speed, Int+2}
117752 | Tomb:3   | Identified the +10 rapier of Figaecwu {drain, rElec Str-2
                  | Int+9 Stlth-}
118034 | Tomb:3   | Killed a royal mummy
118742 | Zot:5    | Got the Orb of Zot
118756 | Zot:5    | Noticed Ychood the pandemonium lord
118770 | Zot:5    | Noticed Waluirae the pandemonium lord
118959 | D:15     | Noticed Elyite Yff the pandemonium lord
118966 | D:15     | Noticed Opriuczipua the pandemonium lord
118982 | D:15     | Killed Opriuczipua the pandemonium lord
118983 | D:15     | Killed Elyite Yff the pandemonium lord
119038 | D:13     | Noticed Pionnosk the pandemonium lord
119337 | D:1      | Lost mutation: You are clumsy. (Dex -2) [potion of
                  | mutation]
119337 | D:1      | Lost mutation: You have a pair of small antennae on your
                  | head. [potion of mutation]
119337 | D:1      | Lost mutation: Your tail ends in a venomous barb. [potion
                  | of mutation]
119337 | D:1      | Gained mutation: Your spells are a little easier to cast,
                  | but a little less powerful. [potion of mutation]
119337 | D:1      | Lost mutation: Your spells are a little easier to cast, but
                  | a little less powerful. [potion of mutation]
119338 | D:1      | Lost mutation: Your magical capacity is low. (-10% MP)
                  | [potion of mutation]
119338 | D:1      | Gained mutation: You are robust. (+10% HP) [potion of
                  | mutation]
119345 | D:$      | Escaped with the Orb!

Illustrated notes

Levels and vault maps discovered:
D:1:      wander_arrival_peaceful_grave, layout_loops_ring,
          shapermc_ecumenical_altar_ellora, eino_curves_04,
          minmay_misc_feat_enclosed
D:2:      layout_loops_ring, glass_columns_a
D:3:      layout_rooms, serial_shops, nicolae_shop_waterfront,
          gup_sewer_entry_spiral, uniq_robin
D:4:      layout_loops_ring, minitemple, serial_shops, shop, uniq_menkaure
D:5:      layout_basic, minmay_temple_entry_large_hall, serial_corexii_hall,
          corexii_hall_statues_x, corexii_hall_statues_l,
          corexii_hall_statues_x, chequers_hall_statues_corner_a,
          corexii_hall_statues_x, corexii_hall_statues_s
D:6:      wander_guarded_unrand_ratskin, layout_basic
D:7:      layout_loops_ring
D:8:      layout_layer_cave, mainiacjoe_overflow_tiny_flanked, dk_noncrumbling_3
D:9:      layout_stronghold, nicolae_gozag_seed_capital, trog_wizard,
          lair_entry_dummy, david_orc_4, uniq_gastronok
D:10:     minmay_klotski, layout_basic, uniq_joseph
D:11:     layout_irregular_city, kennysheep_windowed_goal, uniq_grum
D:12:     layout_rooms, minmay_misc_feat_cross, corexii_hall_statues_i
D:13:     layout_stronghold, gammafunk_ghost_nasty_kobolds,
          portal_ice_cave_rime, palyth_stone_intersect, hangedman_decor_lopped,
          uniq_azrael
D:14:     layout_gridville, hangedman_vaults_entry_quadrant_bands,
          gauntlet_entry_generic, nicolae_ru_sacrificial_ziggurat, serial_shops,
          shop
D:15:     grunt_enter_depths_hoard, layout_basic, uniq_nessos
Lair:1:   layout_regular_city, enter_volcano_3
Lair:2:   layout_loops_ring, serial_bayou_pond_b, st_stairs_5, roderic_batcave
Lair:3:   layout_regular_city, mainiacjoe_shoals_entry_four_pools,
          spider_nest_entry_web_field, guppyfry_lair_drakes
Lair:4:   dreamdust_labyrinth, layout_hall_layers,
          gammafunk_ghost_berserking_beasts, beast_lair_carwin_11
Lair:5:   due_jungle_book, layout_concentric_octagons, slime_entry_1,
          serial_bayou_pond_a, grunt_megastairs_1
Shoals:1: layout_shoals
Shoals:2: layout_shoals, serial_shops, nicolae_shop_statue_plus
Shoals:3: layout_shoals, serial_shops, nicolae_shop_trees,
          nicolae_shop_tiny_glass, nicolae_diamond_shop
Shoals:4: shoals_end_grunt_ice, layout_shoals, shoals_ilsuiw_ice,
          minmay_shop_enchanted_jewellery
Spider:1: layout_spider_delve, uniq_roxanne
Spider:2: layout_cave_pods, uniq_louise
Spider:3: layout_chambers
Spider:4: grunt_spider_rune_island, guppyfry_hornet_nest, uniq_arachne,
          uniq_agnes, uniq_nikola
Slime:1:  layout_caves
Slime:2:  layout_caves
Slime:3:  layout_caves
Slime:4:  layout_caves
Slime:5:  slime_pit_nicolae_royal_road_to_ruin
Orc:1:    layout_diamond_mine
Orc:2:    st_orc_open, layout_caves
Elf:1:    nicolae_elf_arrival_aired_out, layout_loops_cross, serial_shops, shop,
          nicolae_square_shop, shop, minivault_28, uniq_frances
Elf:2:    nicolae_elf_blades_crystal_corner, layout_geoelf_octagon, minivault_4
Elf:3:    minmay_elf_hall_statues, layout_geoelf_octagon, serial_shops,
          nicolae_shop_just_a_little_nook
Vaults:1: mu_enter_wizlab_2, v_misc_31, v_alt_pattern_4,
          nicolae_vaults_storage_room_water, nicolae_vaults_holding_cells,
          nicolae_vaults_storage_closets_3, nicolae_vaults_network_s, v_misc_25,
          nicolae_vaults_tetromino_Z_1, vaults_mumra_hex,
          nicolae_vaults_double_plus_1, nicolae_vaults_alarming,
          layout_vaults_omnicross, uniq_boris, uniq_donald, uniq_asterion
Vaults:2: v_alt_pattern_5, nicolae_vaults_double_plus_3,
          nicolae_vaults_double_plus_2, nicolae_vaults_surprise_closet,
          hangedman_vaults_cutoff, nicolae_vaults_security_offices_4,
          v_pattern_2, nicolae_vaults_network_star, nicolae_vaults_shelves_hall,
          vaults_room_hallway, nicolae_vaults_double_plus_1,
          nicolae_vaults_taking_the_gang_shopping, layout_vaults_quadrants,
          serial_shops, nicolae_shop_rolled_up, uniq_xtahua
Vaults:3: ebering_ghost_xom, nicolae_vaults_windows_and_doors_thing,
          nicolae_vaults_little_squares_5, vaults_dpeg_ring,
          minmay_crypt_entry_nasty_monster, ontoclasm_vaults_spin,
          nicolae_vaults_offset_grid_hallway_3,
          nicolae_vaults_closet_pinwheel_4, v_misc_13, layout_vaults_big_room,
          uniq_norris
Vaults:4: nicolae_vaults_closet_pinwheel_5, vaults_mumra_chevron_long,
          nicolae_vaults_surprise_closet, v_misc_12, vaults_room_door_ring,
          v_misc_11, nicolae_vaults_offset_grid_hallway_1, vaults_dpeg_diagonal,
          nicolae_vaults_diagonal_hallway_7, nicolae_vaults_apartment_2,
          ontoclasm_vaults_misaligned, v_rooms_5, nicolae_vaults_angled_halls,
          hangedman_vaults_capsules, layout_vaults_omnibox, enter_trove_0,
          uniq_zenata
Vaults:5: uniq_jory
Crypt:1:  layout_chaotic_city, minmay_misc_feat_five,
          serial_library_hellmonk_open_cross
Crypt:2:  ragdoll_tomb_raider, layout_basic, uniq_margery, uniq_vv
Crypt:3:  cryptofortress_bobbens
Tomb:1
Tomb:2
Tomb:3
Depths:1: layout_roguey, enter_ziggurat_c, hellmouth_3, serial_shops,
          nicolae_shop_back_alley_shop, gammafunk_ghost_mausoleum,
          serial_sigils_hangedman_clutch, lightli_giant_bouncers, uniq_sojobo,
          uniq_mara
Depths:2: constructs_gauntlet_mu_hangedman, layout_gridville, hell_entry,
          nicolae_concentric_dashed_squares_wild, rand_demon_pan_entry_8,
          serial_co_window_serial, co_window_paths_b, co_window_corner_a,
          co_window_paths_b, co_window_paths_a, co_window_paths_b,
          co_window_broadway_b, glass_columns_b, glass_columns_b,
          glass_columns_b, chequers_serial_rivers_small_b, uniq_bai_suzhen
Depths:3: minmay_imperfect_grid, layout_small_grid, abyss_entry, hellmouth_1,
          serial_shops, shop_statue, shop, nicolae_shop_tiny_glass,
          nicolae_shop_back_alley_shop, uniq_mennas
Depths:4: grunt_zot_entry_tricorne, layout_honeycomb, pf_hell_entry_great_geh,
          nicolae_abyss_entry_one_way_or_another,
          nicolae_dithmenos_shadow_blocks, minmay_shop_grove
Hell
Dis:1:    layout_overlapping_boxes
Dis:2:    layout_subdivisions, nicolae_dis_liches_on_tour
Dis:3:    layout_gridville, nicolae_dis_distal_crystal
Dis:4:    layout_gridville, evilmike_ambush [evilmike_ambush_outer_basic,
          evilmike_ambush_inner_pond]
Dis:5:    layout_jigsaw
Dis:6:    layout_gridville
Dis:7:    dis_st
Geh:1:    layout_gehenna_pools_basic, lemuel_hellion_isle
Geh:2:    nicolae_hells_giants_party, layout_gehenna_lava_caves
Geh:3:    hangedman_generic_boss_arena
Geh:4:    layout_gehenna_pools_triple
Geh:5:    layout_gehenna_lava_caves
Geh:6:    layout_gehenna_pools_triple
Geh:7:    geh_grunt
Coc:1:    layout_ice_bergs
Coc:2:    layout_cocytus_water_paths
Coc:3:    layout_ice_bergs
Coc:4:    layout_cocytus_delve
Coc:5:    layout_ice_bergs
Coc:6:    layout_cocytus_delve, not_door_vault_mu
Coc:7:    coc_grunt_cove [coc_grunt_cove_antaeus, coc_grunt_cove_fiend,
          coc_grunt_cove_fiend, coc_grunt_cove_fiend, coc_grunt_cove_fiend]
Tar:1:    layout_catacombs
Tar:2:    nicolae_hells_titanomachy
Tar:3:    layout_grid_maze
Tar:4:    layout_grid_maze
Tar:5:    layout_grid_maze, nicolae_tar_four_comb_rooms
Tar:6:    layout_honeycomb, nicolae_tar_windowcombs
Tar:7:    tar_grunt_cathedral
Zot:1:    grunt_deathspiral_small, layout_onion_interference,
          st_single_dragon_hoard_3, uniq_tiamat
Zot:2:    layout_misc_corridors, lemuel_lake_of_fire, grunt_megastairs_3
Zot:3:    layout_onion, hellmonk_ghost_big_iron, lemuel_lich_library
Zot:4:    layout_basic
Zot:5:    layout_twisted_circle, nicolae_shop_clearance

Skill      XL: |  1  2  3  4  5  6  7  8  9 10 11 12 13 14 15 16 17 18 19 20 21 22 23 24 25 26 27 |
---------------+----------------------------------------------------------------------------------+-----
Dodging        | 2 3 4 5 6 8 10 11 12 13 14 15 27 | 27.0
Fighting       | 2 3 4 5 6 8 9 10 11 13 15 16 17 18 19 20 21 22 23 27 | 27.0
Unarmed Combat | 4 5 6 8 9 10 12 15 16 17 18 19 20 21 22 23 27 | 27.0
Shapeshifting  | 4 5 6 7 8 10 11 12 13 14 15 16 17 18 19 20 27 | 27.0
Stealth        | 4 7 10 12 13 | 13.5
Shields        | 2 5 13 15 16 17 19 20 27 | 27.0
Translocations | 3 4 5 7 8 9 11 12 20 | 20.5
Spellcasting   | 2 4 5 7 9 18 | 18.6
Evocations     | 2 4 7 17 | 17.3
Throwing       | 5 6 |  6.0

Action                     |  1- 3 |  4- 6 |  7- 9 | 10-12 | 13-15 | 16-18 | 19-21 | 22-24 | 25-27 || total
---------------------------+-------+-------+-------+-------+-------+-------+-------+-------+-------++-------
  Melee: Unarmed           |   100 |   134 |   352 |   728 |  1617 |  1338 |  1175 |   956 |  6388 || 12788
         Tailslap          |     7 |     7 |    53 |   124 |   317 |   246 |   196 |   197 |  1154 ||  2301
         Punch             |     2 |     2 |     8 |       |       |    20 |       |    17 |    28 ||    77
         Bite              |       |       |       |       |       |       |       |    18 |    16 ||    34
  Throw: Dart              |       |       |       |       |       |       |       |       |     2 ||     2
   Cast: Manifold Assault  |       |       |       |       |       |       |       |       |   319 ||   319
 Invoke: Serpent's Lash    |       |       |       |    10 |    21 |    12 |    13 |    11 |    67 ||   134
         Heavenly Storm    |       |       |       |       |       |     1 |     2 |       |    21 ||    24
Ability: Begin Untransform |     1 |       |     1 |       |       |       |       |     1 |     2 ||     5
         Breathe Fire      |       |       |    46 |     5 |     4 |     3 |       |     6 |       ||    64
         Lunge             |       |       |    19 |    40 |   102 |   100 |   155 |    77 |   442 ||   935
         Whirlwind         |       |       |     7 |   214 |   419 |   281 |   396 |   193 |  1570 ||  3080
         Wall Jump         |       |       |       |    21 |    27 |     9 |    18 |    22 |    58 ||   155
         Blinkbolt         |       |       |       |       |       |       |       |       |     2 ||     2
  Evoke: Wand              |       |       |       |       |       |     1 |     2 |     1 |    27 ||    31
         Condenser vane    |       |       |       |       |       |       |       |       |     5 ||     5
         Phial of floods   |       |       |       |       |       |       |       |       |     1 ||     1
         Phantom mirror    |       |       |       |       |       |       |       |       |     1 ||     1
    Use: Scroll            |     3 |     6 |     8 |     5 |    14 |    10 |     2 |     1 |    68 ||   117
         Potion            |       |     2 |     1 |       |     4 |     2 |       |     2 |    46 ||    57
   Stab: Sleeping          |     1 |     1 |     3 |       |     3 |    20 |    26 |    19 |    42 ||   115
         Distracted        |       |       |     1 |       |     2 |     5 |     4 |     9 |    34 ||    55
         Confused          |       |       |       |       |       |       |       |       |     1 ||     1
         Invisible         |       |       |       |       |       |       |       |       |     1 ||     1
         Paralysed         |       |       |       |       |       |       |       |       |     1 ||     1
 Armour: Skin              |    55 |   102 |   157 |   264 |   603 |   813 |   609 |   469 |  2877 ||  5949
  Dodge: Dodged            |    67 |    91 |   206 |   480 |  1022 |  1025 |   502 |   375 |  3751 ||  7519
  Block: Other             |       |       |       |       |    60 |       |       |       |       ||    60
         Reflection        |       |       |       |       |     4 |       |   112 |     9 |    11 ||   136
         Buckler           |       |       |       |       |       |   133 |       |       |       ||   133
         Kite shield       |       |       |       |       |       |    34 |   779 |   611 |  4150 ||  5574
         Tower shield      |       |       |       |       |       |       |       |       |   710 ||   710
   Form: Beast             |     1 |       |     1 |       |       |       |       |       |       ||     2
         Flux              |       |       |     1 |       |       |     1 |       |       |       ||     2
         Statue            |       |       |       |       |       |     3 |       |     2 |    18 ||    23
                           |       |       |       |       |       |     1 |       |       |     1 ||     2
         Dragon            |       |       |       |       |       |       |       |     2 |     9 ||    11
         Storm             |       |       |       |       |       |       |       |       |     9 ||     9
         Blade             |       |       |       |       |       |       |       |       |     1 ||     1
